Workbook
Name _1_b_1: #REF!
Name _1Excel_BuiltIn_Print_Area_1_1: #REF!
Name _2_m_1: #REF!
Name _3Excel_BuiltIn_Print_Area_2_1: #REF!
Name _b: #REF!
Name _DAT1: #REF!
Name _DIA1: #REF!
Name _DIA2: #REF!
Name _EE1: #REF!
Name _GT1: #REF!
Name _GTO1: #REF!
Name _INC1: #REF!
Name _INI1: #REF!
Name _m: #REF!
Name _MA1: #REF!
Name _MES1: #REF!
Name _RC: #REF!
Name _Toc124048707_1: #REF!
Name A: #REF!
Name A_impresión_IM: #REF!
Name anos: #REF!
Name AÑO: #REF!
Name AÑO1: #REF!
Name AÑO2: #REF!
Name APC: #REF!
Name APCOLECTIVO: #REF!
Name APESCOLAR: #REF!
Name ASEG: #REF!
Name AU: #REF!
Name B: #REF!
Name BASE: #REF!
Name BBB: #REF!
Name BuiltIn_AutoFilter___10: #REF!
Name BuiltIn_AutoFilter___10_1: #REF!
Name BuiltIn_AutoFilter___11: #REF!
Name BuiltIn_AutoFilter___12: #REF!
Name BuiltIn_AutoFilter___4: #REF!
Name BuiltIn_AutoFilter___5: #REF!
Name BuiltIn_AutoFilter___5_1: #REF!
Name BuiltIn_AutoFilter___6: #REF!
Name BuiltIn_AutoFilter___7: #REF!
Name BuiltIn_AutoFilter___9: #REF!
Name BuiltIn_AutoFilter___9_1: #REF!
Name BuiltIn_AutoFilter___9_2: #REF!
Name CASCO1: #REF!
Name COLECTIVO: #REF!
Name COLECTIVOS: #REF!
Name COM: #REF!
Name CONS: #REF!
Name CONS1: #REF!
Name CRITE: #REF!
Name CU: #REF!
Name DATOS: #REF!
Name DATOS1: #REF!
Name DATOS11: #REF!
Name DIA: #REF!
Name DIRECTORES: #REF!
Name DIS: #REF!
Name DVD: #REF!
Name EE: #REF!

Sheet TODO RIESGO DAÑOS MATERIALES
A1: ESPECIFICACIONES TECNICAS SEGURO DE TODO RIESGOS DAÑO MATERIALES
A2: TOMADOR: | B2: FONDO DE BIENESTAR SOCIAL DE LA CONTRALORIA GENERAL DE LA REPUBLICA
A3: ASEGURADO: | B3: =B2 -> FONDO DE BIENESTAR SOCIAL DE LA CONTRALORIA GENERAL DE LA REPUBLICA
A4: BENEFICIARIO: | B4: =B3 -> FONDO DE BIENESTAR SOCIAL DE LA CONTRALORIA GENERAL DE LA REPUBLICA
A5: NIT: | B5: 800.252.683-3
A6: RAMO | B6: TODO RIESGO DAÑOS MATERIALES
A7: INTERMEDIARIO: | B7: GONSEGUROS CORREDORES DE SEGUROS S.A
A8: VIGENCIA: | B8: DESDE LAS 00:00 HORAS DEL 17 DE AGOSTO DE 2026 HASTA LAS 24:00 HORAS DEL 16 DE AGOSTO DE 2027
A9: CONDICIONES MINIMAS REQUERIDAS OBLIGATORIAS
A10: BIENES ASEGURADOS | B10: VALOR ASEGURABLE | C10: VALOR ASEGURADO | D10: PROPUESTA DE LA COMPAÑÍA
D11: TASA | E11: PRIMA
A12: Edificios: Toda clase de bienes e inmuebles de propiedad del asegurado o por los que sea responsable ubicados dentro o fuera de los predios asegurados (incluye, casetas, instalaciones deportivas, cerramientos, tanques, redes, lineas y cables. Incluida la norma de sismoresistencia, avisos, vias internas) Se Amparan bienes que por su naturaleza deban permanecer a la intemperie. | B12: 8.8135172e+09 | C12: =B12 -> 8.8135172e+09
A13: CONTENIDOS EN GENERAL: Corresponden a todo tipo de bienes como muebles y enseres en general propios de la actividad general de una entidad pública, incluidos equipos de oficina no eléctricos ni electrónicos, entre otros, sistemas de oficina abierta, al igual que los documentos de cualquier tipo, que se encuentren localizados dentro de los predios asegurados o fuera de los mismos y que esten bajo su responsabilidad, tenencia y/o control del ENTIDAD | B13: 8.4479092e+08 | C13: =B13 -> 8.4479092e+08
A14: EQUIPOS ELECTRONICOS: (equipos de comuniciacion, y similares, equipos de computo fijos y portatiles y similares aunque no se especifiquen, incluye equipos en comodatos de terceros al ENTIDAD y del ENTIDAD a terceros). | B14: 1.0646867e+09 | C14: =B14 -> 1.0646867e+09
A15: EQUIPOS MEDICOS (incluido equipo medico y cientifico , instrumental medico y quirurgico, equipos biomedicos (moviles y portatiles) y similares aunque no se especifiquen, incluye equipo medico en ambulancias y equipos en comodatos de terceros al ENTIDAD y del ENTIDAD a terceros). | B15: 3.1889658e+08 | C15: =B15 -> 3.1889658e+08
A16: MAQUINARIA EN GENERAL Consistente principalmente pero no limitado a: Maquinaria, equipo, maquinaria y equipo subestaciones electricas, plantas de emergencia, calderas, ascensores, motores electricos, montacargas, aire acondicionado central, aire acondiconado de cada oficina, motobombas, transformadores y equipos similares, propios y/o bajo la responsabilidad del asegurado aunque no se especifiquen y demás bienes aunque no se hayan determinado específicamente. Incluye muebles y enseres Hospitalarios). | B16: 2.239304e+08 | C16: =B16 -> 2.239304e+08
A17: Incremento en costos de construccion por adecuacion a la norma sismo resistencia | B17: 8.8135172e+08 | C17: =B17 -> 8.8135172e+08
A18: Terrenos: Se ampara la adecuación de suelos y terrenos que lleguen a afectarse como consecuencia de un evento amparado en la póliza | B18: 84479092 | C18: =B18 -> 84479092
A19: Dinero en Efectivo (Dentro y o fuera de caja fuerte) | B19: 10000000 | C19: =B19 -> 10000000
A20: Totales | B20: =SUM(B12:B19) -> 1.2241653e+10 | C20: =SUM(C12:C19) -> 1.2241653e+10
A21: Total Indice Variable ( 6%) | B21: 627816318 | C21: 627816318
A22: RENTA: 12 MESES: $(26,222,805) MENSUALES | B22: =26222805*12 -> 314673660 | C22: =B22 -> 314673660
A23: TOTAL | B23: =+B20+B21+B22 -> 1.3184143e+10 | C23: =B23 -> 1.3184143e+10
A24: PRIMA NETA
A25: IVA
A26: TOTAL
A27: OBJETO DEL SEGURO | B27: Amparar todos los activos (bienes inmuebles y muebles) de propiedad de la ENTIDAD o aquellos que se encuentren bajo su control, tenencia, responsabilidad o custodia, contra los daños o pérdidas materiales a consecuencia de cualquier riesgo, tanto por eventos internos o externos y en general los recibidos a cualquier título o por los que tenga algún interés asegurable, ubicados en el territorio nacional o por aquellos que por su naturaleza se deban trasladar a nivel mundial, dentro o fuera de las instalaciones del asegurado y/o en predios de terceros o a la intemperie y los utilizados en desarrollo del objeto social de la ENTIDAD.
A28: COBERTURA OBLIGATORIA
A29: MODALIDAD DE LA POLIZA: TODO RIESGO PERDIDA Y/O DAÑO MATERIAL CON EXCLUSIONES La aseguradora se obliga a indemnizar al asegurado los daños y/o pérdidas que sufran los intereses asegurados, así como los costos y/o gastos en que incurra, o todos combinados, como consecuencia de los riesgos que a continuación se enuncian y sujeto a los riesgos excluidos: Todo riesgo para las pérdidas y/o daños materiales que sufran los intereses asegurados por cualquier riesgo y/o causas, incluidos, pero no limitados a: Incendio, explosión, anegación, daños por agua; extended coverage; daños a calderas o aparatos generadores de vapor, huelga, asonada, motín, conmoción civil o popular, actos malintencionados de terceros, incluidos sabotaje y los actos terroristas, cometidos o no por movimientos subversivos (tomas a poblaciones, municipios y ciudades y los actos de la autoridad para repelerlos; también se amparan las pérdidas materiales que sufran los bienes asegurados causados directa o indirectamente por cohetes, misiles o similares); terremoto, temblor y/o erupción volcánica, maremoto, tsunami, y/o eventos de la naturaleza tales como ciclón, huracán, tempestad, vientos, inundación, desbordamiento, alza en el nivel de aguas y enfangamiento, hundimiento, deslizamiento del terreno, derrumbes, ludes, desprendimiento de tierra y rocas, y las pérdidas y/o daños consecuenciales originados por tales fenómenos los cuales sean consecuencia de un hecho súbito, accidental e imprevisto cubiertos en la póliza ; daño interno de equipos eléctricos y electrónicos: coberturas de todo riesgo daño material por rotura de maquinaria y equipos eléctricos y electrónicos (explosión física o química interna, caída directa de rayo, rotura debido a fuerza centrifuga, cuerpo extraños, acción directa de la energía eléctrica y/o rayo, impericia, descuido, negligencia; sabotaje individual; error de diseño, defecto de mano de obra, falta de agua en aparatos generadores de vapor, otros accidentes ocurridos a los equipos por causas no expresamente excluidas en la póliza); rotura de vidrios, sustracción con violencia y sustracción sin violencia, y demás amparos y/o cobertura que no se encuentren expresamente excluidas. se amparan los hundimientos, desplazamientos, agrietamientos o asentamientos de cimientos, muros, pisos, techos y pavimentos, vibraciones o movimientos naturales del suelo, siempre y cuando sean consecuencia de un hecho accidental, súbito e imprevisto cubierto en la póliza La cobertura de Hurto simple y calificado se extiende a amparar los equipos moviles y portatiles , kit de emergencias, herramientas, equipos y similares dentro y/o fuera de los predios del asegurado y en aquellos donde ejerza su actividad y cuando estan siendo transportados en vehiculos del asegurado, de sus empleados y/o de terceros contratistas y/o subcontratistas del mismo.
A30: BIENES ASEGURADOS (INTERES ASEGURABLE) OBLIGATORIA
A31: Todos los bienes de propiedad real o personal del ASEGURADO, o en los que tuviere interés asegurable , o los recibidos a cualquier titulo, los tomados en arriendo, los recibidos en dación de pagos o los recibidos a cualquier titulo, comodato, los de terceros o aquellos por los cuales sea o pueda llegar a ser responsable, que se encuentren bajo su cuidado, control y custodia, utilizados en el desarrollo del objeto social del asegurado, consistentes principalmente en, pero no limitados a : edificios, estructuras, cimientos, muros de contención, cercas, escaleras externas, vidrios planos, patios, avisos, torres, toldos, techos, estacionamientos, vías de acceso, otras construcciones separadas de las edificaciones, instalaciones subterráneas, instalaciones eléctricas, de cableado estructural, de aires acondicionados, electrónicas, de comunicación, para conducción de gas sean o no subterráneas, tuberías. conductos, desagües, y en general todo tipo de instalación y equipos que se encuentren por debajo del nivel del suelo, instalaciones fijas de protección contra incendio, instalaciones eléctricas, alarmas, cámaras y circuitos cerrados de televisión, maquinaria, equipos, herramientas, ascensores, subestaciones y /o plantas eléctricas, motores, transformadores, muebles e inmuebles de todo tipo y descripción. enseres, equipos de construcción, equipos de oficina, de procesamiento de datos, equipos de comunicación, de audiovisuales, de sistemas, de laboratorios, equipos de hospitalización, equipos de apoyo, equipos de diagnostico, equipos de apoyo terapéutico, equipos médicos y científicos, instrumental médico mejoras locativas (acabados y obras realizadas en el edificio, mercancías, repuestos, insumos, armas de fuego, equipos móviles y portátiles, vehículos inmovilizados ( en reposo), dinero en efectivo, medallas, plata labrada, obras de arte, estatuas, frescos, colecciones, y muebles que tengan valor artístico, científico e histórico, manuscritos, planos, croquis, patrones, sellos, monedas, libros de comercio, títulos valores y billetes de bancos, instrumentos musicales, equipos de sonidos, bienes que por su naturaleza deben permanecer a la intemperie televisores, equipos de video, cámaras fotográficas, electrodomésticos, equipos para el manejo y movilización de materiales, camillas, papelería, mercancìas azarosas necesarias para el normal funcionamiento del establecimiento y demás bienes que aunque no hayan sido mencionados específicamente se encuentren localizados dentro o fuera de los predios asegurados y/o donde el asegurado desarrolle su actividad dentro del territorio de la republica de Colombia..
A32: DIRECCION UBICACIÓN RIESGOS | B32: CARRERA 69 NO. 44-35 PISO 4 // CALLE 35 No. 21-48 // CALLE 57B No. 37-34 y demas riesgos donde el asegurado ejerce su actividad, aunque no esten determinados especificamente ubicados en el territorio Colombiano.
A33: COBERTURAS Y SUBLIMITES
A34: Daños Materiales | B34: 1
A35: Terremoto, temblor, erupcion volcanica y demas eventos de la naturaleza | B35: 1
A36: Actos Mal intencionados de terceros ,sabotaje , Terrorismo, Huelga, Motín, Asonada, conmoción o popular. | B36: 1
A37: Rotura de Maquinaria: | B37: 1
A38: Equipos electricos y electronicos: | B38: 1
A39: Equipos Medicos: | B39: 1
A40: Hurto y Hurto Calificado | B40: Sublimite de $4,000,000,000 combinado para todos los bienes
A41: CONVENIO PARA EL PLAZO DEL PAGO DE LA PRIMA | B41: No obstante cualquier estipulación en contrario, por la presente cláusula se deja establecido que, de acuerdo con lo estipulado en el artículo 81 de la Ley 45/90 y la Resolución numero 03750 de Diciembre 31/74 de la Superintendencia Financiera, las partes contratantes convienen que las primas causadas por el presente Contrato de seguros y los Certificados o Anexos que se emitan en aplicación al mismo serán pagadas por el asegurado dentro de los noventa (90) días a partir de la fecha en que el respectivo documento sea recibido en sus oficinas, directamente por la Aseguradora y/o por el intermediario de seguros, quien deberá certificar haber recibido a satisfacción las respectivas pólizas en las condiciones contratadas; Si las pólizas no han sido correctamente elaboradas, el término para el pago solo empezará a contarse desde la fecha en que se presenten en debida forma. La demora en el pago originada por la presentación incorrecta de los documentos requeridos será responsabilidad del contratista y no tendrán por ello derecho al pago de intereses o compensación de ninguna naturaleza o a la aplicación de la terminación del contrato por mora en el pago de la prima.
A42: REVOCACIÓN, NO RENOVACIÓN O MODIFICACIONES DE LA PÓLIZA Y SUS ANEXOS | B42: La Aseguradora deberá dar aviso por escrito al ASEGURADO, con una anticipación de noventa (90) días en caso que decida modificar, revocar o no renovar esta póliza y/o alguno de sus amparos adicionales o modificar cualquiera de sus condiciones. En caso de revocación la aseguradora devolverá al asegurado, la proporción de prima correspondiente al tiempo que falte para el vencimiento de la Póliza, liquidada a prorrata. Para HMACC AMIT TERRORISMO Aplican 10 días. Si la revocación es solicitada por EL ASEGURADO , la Aseguradora devolverá el valor de la prima no corrida del riesgo, liquidada a Prorrata
A43: MODIFICACIONES A FAVOR DEL ASEGURADO | B43: Si durante la vigencia de este seguro se presentan modificaciones a las condiciones generales y particulares de la póliza, que presenten un beneficio a favor del ASEGURADO, tales modificaciones se consideran automáticamente incorporadas a la póliza siempre que el cambio no implique un aumento en la prima originalmente pactada.
A44: CLAUSULA DE APLICACION DE CONDICIONES PARTICULARES | B44: Queda expresamente acordado y convenido, que la Compañía acepta las condiciones básicas tecnicas establecidas en este anexo en los terminos señalados en el mismo, por lo tanto, en caso de existir discrepancia ente los ofrecimientos contenidos en la propuesta tecnica básica, frente a los textos de los ejemplares de las pólizas, certificados, anexos o cualquier otro documento; prevalecerá la información y condiciones básicas tecnicas establecidas.
A45: PRORROGAS | B45: Queda expresamente declarado y convenido que la (s) aseguradora (s) queda (n) obligadas (s) a otorgar la (s) prorroga (s) que el Asegurado, solicite en caso de que se requiera tiempo adicional para surtir los trámites internos de un nuevo proceso, en las mismas condiciones en que se encuentran suscritas las pólizas como tambien las modificaciones que se requieran en el transcurso de la vigencia sin condicionamiento alguno, incluido el intermediario.
A46: REVISION DE TERMINOS PARA PRORROGA | B46: Bajo esta clusula la compañía podrá realizar revisión de términos para las prórrogas cuando la siniestralidad incurrida sobrepase el 60%. (Siniestralidad incurrida =siniestros pagos + reservas + 10% IBRN/primas netas).
A47: AVISO DE SINIESTRO | B47: No obstante lo dispuesto en las condiciones la Póliza o en sus anexos, por la presente cláusula se conviene entre las partes, un término sesenta (60) días habiles para que el Asegurado de aviso al Asegurador de cualquier evento que afecte a la presente Póliza, contados a partir de la fecha en que haya tenido conocimiento de dicho evento, sin perjuicio de lo establecido en el artículo 1081 del Código de Comercio.
A48: GARANTIAS | B48: Queda expresamente acordado y aceptado que la cobertura otorgada bajo la presente póliza no queda sujeta al cumplimiento de ningún tipo de garantía por parte de la entidad asegurada.
A49: ERRORES, OMISIONES O INEXACTITUDES NO INTENCIONALES | B49: El tomador está obligado a declarar sinceramente los hechos y circunstancias que determinen el estado del riesgo. La inexactitud sobre hechos o circunstancias que, conocidas por la compañía, la hubieren retraído de celebrar el contrato o inducido a estipular condiciones más onerosas, produce la nulidad relativa del seguro. Sin embargo, si se incurriere en errores, omisiones e inexactitudes inculpables al tomador o al asegurado, el contrato no será nulo ni habrá lugar a la aplicación del inciso tercero del artículo 1058 del Código de Comercio sobre reducción porcentual de la prestación asegurada. En este caso se deberá pagar la prima adecuada al verdadero estado del riesgo.
A50: CLAUSULA DE JURISDICCION Y SOLUCION DE CONTROVERSIAS | B50: Se deja constancia que en caso de existir alguna controversia, ésta se dirimirá de acuerdo con lo establecido en la Ley y los diferentes mecanismos de solucion de conflictos
A51: DOMICILIO | B51: Sin perjuicios de las disposiciones procesales para los efectos relacionados con el presente contrato, se fija como domicilio de las partes la ciudad de BOGOTA, en la República de Colombia.
... A89: TABLA DE DEMERITO | B89: TABLA DE DEMERITO PARA ROTURA DE MAQUINARIA Y EQUIPO ELECTRONICO: No aplica para las herramientas que tengan componentes electricos u/o electronicos
B90: AÑOS | C90: DEMERITO ANUAL | E90: DEMERITO ACUMULADO
B91: 1 A 5 AÑOS | C91: 0 | E91: 0
B92: DE 5 A 10 AÑOS | C92: 0.002 | E92: 0.02
B93: DE 11 A 20 AÑOS | C93: 0.005 | E93: 0.05
B94: DE 21 0 MAS AÑOS | C94: 0.015 | E94: 0.1
A95: NO APLICACIÓN DE DÉMERITO POR USO O MEJORÁ TECNOLÓGICA PARA DAÑOS O PÉRDIDAS DE EQUIPOS ELÉCTRICOS, ELECTRÓNICOS Y/O DE ROTURA DE MAQUINARÍA. | B95: Queda expresamente acordado que la aseguradora no realizará aplicación de Avance Tecnológico o Démerito por uso, para equipos adquiridos por las Entidades aseguradas a partir del 01 de enero de 2008. En caso de siniestro que afecte los equipos amparados bajo la presente póliza y que deban ser indemnizados por pérdidas totales, no se dará aplicación a ningún porcentaje o valor por concepto de avance tecnológico de los equipos afectados por el hecho que dio origen a la reclamación.
A96: AUTORIZACIÓN PARA REPARACIONES EN CASO DE SINIESTRO | B96: Por medio de la presente cláusula se autoriza al asegurado para iniciar trabajos conducentes a identificar el alcance y magnitud de las fallas y/o adelantar las reparaciones necesarias inmediatamente después de un siniestro sin consultar previamente a la Aseguradora, siempre que estas reparaciones no excedan en más de $ 50.000.000.
A97: EXTENSION DE COBERTURA PARA EQUIPOS QUE ESTEN O NO TRABAJANDO | B97: Por medio de la presente cláusula se extiende el amparo de la Póliza para los equipos cubiertos por la misma, ya sea que tales equipos estén o no trabajando o hayan sido desmontados para reparación, limpieza, revisión, reacondicionamiento o cuando sean desmontados, trasladados, montados y probados dentro de los predios del Asegurado. SIEMPRE Y CUANDO LA AFECTACIÓN SEA POR UN EVENTO AMPARADO POR LA PÓLIZA Y ESTEN BAJO EL CONTROL DEL ASEGURADO.
A98: INCREMENTO EN COSTOS DE CONSTRUCCIÓN POR ADECUACIÓN A LA NORMA DE SISMO RESISTENCIA | B98: La suma asegurada y el valor a indemnizar en caso de siniestro incluyen el sobre-costo (si lo hubiere), de adecuar la construcción a las normas de sismo resistencia vigentes, hasta por el limite estipulado en la póliza. En caso de siniestro se reconocerá sin afectar la suma asegurada principal, el sobre costo de adecuar la construcción a las normas de sismo resistencia vigentes. Esta cobertura opera aún en el caso de que el asegurado no haya efectuado el estudio ó la adecuación a sus inmuebles y aún en el caso que no se presenten daños estructurales .
A99: ADECUACIÓN A LA NORMA DE SISMO RESISTENCIA | B99: Adecuación de construcciones a las normas de sismo resistencia. Se extiende la cobertura del seguro a amparar los costos y gastos razonables en que incurra el asegurado, cuando a consecuencia de un evento amparado bajo la presente póliza, los edificios y obras civiles sufran daños estructurales, cuya reparación o reconstrucción conlleve la adecuación a normas sismo resistentes vigentes al momento de efectuarse la reparación o reconstrucción del bien asegurado hasta el 100% de los costos adicionales en que incurra el asegurado. Para los casos que se haga necesario un rediseño para la reconstrucción o reparación con el fin de cumplir normas legales de sismo resistencia, la aseguradora reconocerá un 10% adicional sobre el valor asegurado del bien. En caso de presentarse dichos costos no habrá lugar a aplicación de infraseguro, sino que el porcentaje mencionado se adicionará a la suma asegurada para efectos de la indemnización.
A100: CLAUSULA DE TUBOS Y VALVULAS | B100: El seguro se extiende a cubrir daños en los tubos de rayos x, válvulas, tubos de vacío, tubos amplificadores de imagen, etc limitado al valor actualque estos bienes tengan inmediatamente antes de ocurrir el daño, incluidos fletes ordinarios, costos de desmontaje y remontaje así como eventuales derehos de aduana etc. Para la cobertura prevista en esta cláusula, se indemnizarán solo aquellos daños que sean a consecuencia directa de otro daño indemnizable en los bienes asegurados pero no se indemnizarà los daños que en opinión de peritos del fabricante o proveedor sean considerados como daño por desgaste.
A101: ROTURA DE VIDRIOS | B101: Incluyendo los generados por Hmacc, Amit y terrorismo, hasta la suma de $1,000,000,000
A102: PROPIEDAD HORIZONTAL | B102: Se hace constar que esta póliza ampara exclusivamente la parte del edificio de propiedad del Asegurado, bajo su control, custodia o por la cual sea legalmente responsable. En consecuencia las pérdidas ocurridas en aquellas partes de la construcción que sean de servicio común y por consiguiente de la Propiedad colectiva, quedarán amparados únicamente en proporción al derecho que sobre ellas tenga el Asegurado.
A103: COBERTURA DE INUNDACION O ENLODAMIENTO | B103: Cubre las perdidas o daños a la propiedad asegurada causados por inundación o enlodamiento como resultado de rotura o estallido de la tubería de conducción (tubería de presión suministrando el agua de accionamiento para la maquinaria asegurada), válvulas de cierre, y/o bombas de retorno debido a los riesgos cubiertos por la presente póliza.
A104: BIENES DE TERCEROS BAJO CUIDADO, CONTROL Y/O CUSTODIA | B104: Por medio del presente anexo y en los términos aquí previstos, se cubre los daños o pérdidas materiales que sean consecuencia directa de cualquiera de los eventos amparados en ella, el interés del asegurado y la responsabilidad por propiedad similar perteneciente a otros, parcial o totalmente, pero en poder del asegurado y por los que sea legal o contractualmente responsable, ya sea por que haya vendido pero no entregado, en almacenaje, para reparación, procesamiento o por cualquier otro motivo, siempre y cuando los correspondientes bienes estén localizados en los predios del asegurado. Para efectos de este anexo la expresión “interés del asegurado y la responsabilidad por propiedad similar perteneciente a otros “significa el interés que el asegurado tiene sobre determinado bien o bienes cuya propiedad no le pertenece pero que están relacionados con su actividad y que son objeto de éste seguro y los tiene bajo su responsabilidad, cuidado, control y custodia.
A105: FERIAS Y EXPOSICIONES | B105: Se amparan automaticamente los bienes asegurados que sean trasladados temporalemten a otro (s) sitio (s), a los predios donde el asegurado ejerce su actividad, con destino a participar en ferias y/o exposiciones dentro del territorio de la Republica de Colombia. Por un periodo no mayor a 60 dias
A106: COBERTURA EN MOTORES DE COMBUSTION INTERNA Y GENERADORES REFRIGERADOS POR HIDROGENO | B106: Se amparan las perdidas y/o daños debido a explosiones en motores de combustión interna o generadores refrigerados por hidrogeno.
... A131: GASTOS PARA LA RECUPERACIÓN DE INFORMACIÓN | B131: Se ampara bajo la presente cobertura, los gastos razonables en que en que incurra o deba incurrir el asegurado con el fin de recuperar información de cualquier sistema de almacenamiento de información sin exigencia de tener respaldo de la misma, incluyendo el pago de digitadores, programadores de sistemas, ingenieros y dibujantes, entre otros, necesarios para recopilar o reconstruir la información pérdida, destruida, averiada o inutilizada como causa de un siniestro.
A136: NOMBRE Y FIRMA REPRESENTANTE LEGAL

Sheet AUTOMOVILES
A5: ANEXO Nº 5 ( ESPECIFICACIONES TECNICAS SEGURO DE AUTOMOVILES )
A6: TOMADOR: | B6: FONDO DE BIENESTAR SOCIAL DE LA CONTRALORIA GENERAL DE LA REPUBLICA
A7: ASEGURADO : | B7: =+B6 -> FONDO DE BIENESTAR SOCIAL DE LA CONTRALORIA GENERAL DE LA REPUBLICA
A8: BENEFICIARIO: | B8: =+B7 -> FONDO DE BIENESTAR SOCIAL DE LA CONTRALORIA GENERAL DE LA REPUBLICA
A9: NIT | B9: 800.252.683-3
A10: RAMO | B10: AUTOMOVILES
A11: INTERMEDIARIO | B11: GONSEGUROS CORREDORES DE SEGUROS S.A.
A12: VIGENCIA | B12: ='TODO RIESGO DAÑOS MATERIALES'!B8 -> DESDE LAS 00:00 HORAS DEL 17 DE AGOSTO DE 2026 HASTA LAS 24:00 HORAS DEL 16 DE AGOSTO DE 2027
A13: CONDICIONES TECNICAS BASICAS OBLIGATORIAS
A14: DESCRIPCION DE LA ACTIVIDAD DEL ASEGURADO | B14: Entidad Pública
A15: DIRECCION COMERCIAL /TELEFONO
A16: Objeto del Seguro: | B16: Amparar los daños y/o pérdidas que sufran los vehículos de propiedad, bajo tenencia, control o por los que sea legalmente responsable la entidad, o los perjuicios patrimoniales y/o extrapatrimoniales por daños a bienes o lesiones o muerte a terceros que causen.
A17: LIMITES ASEGURADOS RESPONSABILIDAD CIVIL EXTRACONTRATUAL OBLIGATORIO
A18: AUTOMOVILES
A19: - Daños a bienes de terceros | B19: 2500000000
A20: - Lesiones o muerte a una persona | B20: =B19 -> 2500000000
A21: - Lesiones o muerte a dos o más personas | B21: =B20*2 -> 5000000000
A22: ó LIMITE UNICO COMBINADO | B22: =B21 -> 5000000000
A23: COBERTURAS AL VEHICULO OBLIGATORIAS
A24: Pérdida Total por Daños | B24: Valor Guia de Valores (Tabla de Fasecolda) mas accesorios
A25: Pérdida Parcial por Daños | B25: Valor Guia de Valores (Tabla de Fasecolda) mas accesorios
A26: Pérdida total o Parcial por Hurto | B26: Valor Guia de Valores (Tabla de Fasecolda) mas accesorios
A27: Terremoto, temblor y/o erupción volcánica y otros eventos de la naturaleza. | B27: Valor Guia de Valores (Tabla de Fasecolda) mas accesorios
A28: Amparo Patrimonial | B28: SI
A29: Asistencia Jurídica en Proceso Civil, Penal y Administrativo. | B29: SI
A30: Asistencia en viaje | B30: Incluyendo perímetro urbano y rural, excluye motos
A31: Casa Cárcel | B31: SI
A32: Gastos de transporte | B32: Con un tiempo mínimo de 60 días y $40.000 diarios.
A33: Gastos de grúa, transporte y protección al vehículo, para automóviles, vehículos livianos y camionetas. | B33: Sin limite de kilometraje
A34: Huelga, Motín, Asonada, Conmoción Civil o Popular, explosión, terrorismo (Actos Mal Intencionados de Terceros), movimientos subversivos o, en general, conmociones populares de cualquier clase. | B34: Incluidos actos terroristas y riesgos asegurados por pólizas contratadas por el gobierno nacional o entidades de cualquier orden
A35: Accidentes Personales para el conductor | B35: Valor asegurado $50.000.000
... A37: Deducible | B37: No aplicación de deducible
A38: VALORES ASEGURADOS
A39: AUTOMÓVILES
A40: CLAUSULAS Y SUBLIMITES OBLIGATORIOS Queda expresamente acordado y convenido que la aseguradora acepta las condiciones tecnicas básicas obligatorias establecidas en este anexo, en los termimos aqui señalados; por lo tanto, en caso de exisitir discrepancia entre este texto frente a los ejemplares de las condiciones generales de la poliza o en los certificados, anexos, nota de cobertura, slip de cotizacion o cualquier otro documento incluido o no en la oferta, prevaleceran los terminos de este anexo de condiciones tecnicas básicas obligatorias. Por lo tanto se deberá entender que la aseguradora acepta las siguientes cláusulas.
A41: HONORARIOS DE ABOGADOS Y GASTOS DE DEFENSA. | B41: Se cubren los gastos de honorarios requeridos para asistir profesionalmente a la entidad, demandados como consecuencia de daños a cosas, o lesiones o muerte de terceras personas durante el ejercicio de sus actividades laborales.
A42: AMPARO AUTOMATICO VEHICULOS NUEVOS O USADOS término de noventa (120) días para aviso. | B42: Limite: $ 400.000.000. Los vehículos automotores adquiridos por el Asegurado quedan automáticamente amparados por la presente Póliza, siempre que el Asegurado, notifique a la Aseguradora su adquisición dentro de los noventa (90) días calendarios siguientes a la fecha en que reciba el Vehículo, ó este quede por su cuenta y bajo la garantía de que todos los vehículos de su propiedad, serán amparados de acuerdo con las condiciones pactadas. El límite de responsabilidad de la Aseguradora en cuanto a los vehículos que ingresan a la Póliza, para los amparos de Daños, Robo y Hurto e Incendio, en ningún caso excederá, del valor que aparezca en la factura de compra o documento similar. Para el Amparo de Responsabilidad Civil, así como para los Amparos adicionales, los límites serán los estipulados en la póliza.
A43: CONVENIO PARA EL PLAZO DEL PAGO DE LA PRIMA | B43: No obstante cualquier estipulación en contrario, por la presente cláusula se deja establecido que, de acuerdo con lo estipulado en el artículo 81 de la Ley 45/90 y la Resolución numero 03750 de Diciembre 31/74 de la Superintendencia Financiera, las partes contratantes convienen que las primas causadas por el presente Contrato de seguros y los Certificados o Anexos que se emitan en aplicación al mismo serán pagadas por el asegurado dentro de los noventa (90) días a partir de la fecha en que el respectivo documento sea recibido en sus oficinas, directamente por la Aseguradora y/o por el intermediario de seguros, quien deberá certificar haber recibido a satisfacción las respectivas pólizas en las condiciones contratadas; Si las pólizas no han sido correctamente elaboradas, el término para el pago solo empezará a contarse desde la fecha en que se presenten en debida forma. La demora en el pago originada por la presentación incorrecta de los documentos requeridos será responsabilidad del contratista y no tendrán por ello derecho al pago de intereses o compensación de ninguna naturaleza o a la aplicación de la terminación del contrato por mora en el pago de la prima.
A44: REVOCACIÓN, NO RENOVACIÓN O MODIFICACIONES DE LA PÓLIZA Y SUS ANEXOS | B44: La Aseguradora deberá dar aviso por escrito aL ASEGURADO, con una anticipación de noventa (90) días, en caso que decida modificar, revocar o no renovar esta póliza y/o alguno de sus amparos adicionales o modificar cualquiera de sus condiciones. En caso de revocación la aseguradora devolverá al asegurado, la proporción de prima correspondiente al tiempo que falte para el vencimiento de la Póliza, liquidada a prorrata. Si la revocación es solicitada por EL ASEGURADO , la Aseguradora devolverá el valor de la prima no corrida del riesgo, liquidada a Prorrata.
A45: MODIFICACIONES EN FAVOR DEL ASEGURADO | B45: Si durante la vigencia de este seguro se presentan modificaciones a las condiciones generales y particulares de la póliza, que presenten un beneficio a favor del ASEGURADO, tales modificaciones se consideran automáticamente incorporadas a la póliza siempre que el cambio no implique un aumento en la prima originalmente pactada.
A46: CLAUSULA DE APLICACIÓN DE CONDICIONES PARTICULARES | B46: Queda expresamente acordado y convenido, que la Compañía acepta las condiciones básicas técnicas establecidas en este anexo en los términos señalados en el mismo, por lo tanto, en caso de existir discrepancia ente los ofrecimientos contenidos en la propuesta técnica básica, frente a los textos de los ejemplares de las pólizas, certificados, anexos o cualquier otro documento; prevalecerá la información y condiciones básicas técnicas establecidas.
A47: PRORROGAS | B47: Queda expresamente declarado y convenido que la (s) aseguradora (s) queda (n) obligadas (s) a otorgar la (s) prorroga (s) que el Asegurado, solicite en caso de que se requiera tiempo adicional para surtir los trámites internos de un nuevo proceso, en las mismas condiciones en que se encuentran suscritas las pólizas como tambien las modificaciones que se requieran en el transcurso de la vigencia sin condicionamiento alguno, incluido el intermediario.
A48: REVISION DE LOS TERMINOS PARA PRORROGA | B48: Bajo esta clusula la compañía podrá realizar revisión de términos para las prórrogas cuando la siniestralidad incurrida sobrepase el 60%. (Siniestralidad incurrida =siniestros pagos + reservas + 10% IBRN/primas netas).
A49: AVISO DE SINIESTRO | B49: No obstante lo dispuesto en las condiciones de la Póliza o en sus anexos, por la presente cláusula se conviene entre las partes, un término sesenta (60) días calendario para que el Asegurado de aviso al Asegurador de cualquier evento que afecte a la presente Póliza, contados a partir de la fecha en que haya tenido conocimiento de dicho evento, sin perjuicio de lo establecido en el artículo 1081 del Código de Comercio.
A50: ERRORES, OMISIONES E INEXACTITUDES NO INTENCIONALES | B50: El tomador está obligado a declarar sinceramente los hechos y circunstancias que determinen el estado del riesgo. La inexactitud sobre hechos o circunstancias que, conocidas por la compañía, la hubieren retraído de celebrar el contrato o inducido a estipular condiciones más onerosas, produce la nulidad relativa del seguro. Sin embargo, si se incurriere en errores, omisiones e inexactitudes inculpables al tomador o al asegurado, el contrato no será nulo ni habrá lugar a la aplicación del inciso tercero del artículo 1058 del Código de Comercio sobre reducción porcentual de la prestación asegurada. En este caso se deberá pagar la prima adecuada al verdadero estado del riesgo.
A51: CLAUSULA DE JURISDICCION Y SOLUCION DE CONTROVERSIAS | B51: Se deja constancia que en caso de existir alguna controversia, ésta se dirimirá de acuerdo con lo establecido en la Ley y los diferentes mecanismos de solucion de conflictos
A52: DOMICILIO | B52: Sin perjuicios de las disposiciones procesales para los efectos relacionados con el presente contrato, se fija como domicilio de las partes la ciudad de BOGOTA D.C, en la República de Colombia.
... A88: REVISION TECNICOMECANICA | B88: La revisión técnica mecánica aplica a través de órdenes de servicio otorgadas y pagadas por la aseguradora para la totalidad del parque automotor.
A89: DEDUCIBLES OBLIGATORIOS SIN APLICACIÓN DE DEDUCIBLE
A94: NOMBRE Y FIRMA REPRESENTANTE LEGAL

Sheet RCE 
A6: ANEXO No 3 ESPECIFICACIONES TECNICAS SEGURO DE RESPONSABILIDAD CIVIL EXTRACONTRACTUAL
A7: TOMADOR | B7: ='MANEJO ESTATAL'!B2 -> FONDO DE BIENESTAR SOCIAL DE LA CONTRALORIA GENERAL DE LA REPUBLICA
A8: ASEGURADO : | B8: =B7 -> FONDO DE BIENESTAR SOCIAL DE LA CONTRALORIA GENERAL DE LA REPUBLICA
A9: BENEFICIARIO: | B9: FONDO DE BIENESTAR SOCIAL DE LA CONTRALORIA GENERAL DE LA REPUBLICA Y O TERCEROS AFECTADOS
A10: NIT | B10: ='MANEJO ESTATAL'!B5 -> 800.252.683-3
A11: RAMO | B11: Seguro de Responsabilidad Civil Extracontractual
A12: INTERMEDIARIO | B12: GONSEGUROS CORREDORES DE SEGUROS S.A.
A13: VIGENCIA | B13: ='MANEJO ESTATAL'!B8 -> DESDE LAS 00:00 HORAS DEL 17 DE AGOSTO DE 2026 HASTA LAS 24:00 HORAS DEL 16 DE AGOSTO DE 2027
A14: CONDICIONES TECNICAS BASICAS OBLIGATORIAS
A15: DESCRIPCION DE LA ACTIVIDAD DEL ASEGURADO | B15: Entidad Pública -
A16: DIRECCION COMERCIAL /TELEFONO | B16: Carrera 69 No. 44-35 Piso 4 PBX. 3779877 - 3532760 Bogotá, Colombia
A17: DIRECCION DEL RIESGO | B17: Territorio Colombiano
A18: Valor nómina presupuestada 2026 | B18: 6837000000
A19: Numero de empleados | B19: 158
A20: UBICACIÓN GEOGRAFICA | B20: Republica de Colombia
A21: JURISDICCION | B21: Esta póliza ampara en todas partes del mundo, con sujeción a la Ley Colombiana. La cobertura mundial, operará solo para viajes de servidores públicos al exterior, en calidad de trabajo.
A22: INTERES ASEGURADO | B22: Se cubren los perjuicios patrimoniales y extrapatrimoniales que se causen a terceros con motivo de la responsabilidad civil en que incurra el asegurado de acuerdo con la Ley Colombiana, por lesiones o muerte a personas y/o destrucción de bienes y perjuicios económicos, incluyendo lucro cesante y daños morales, como consecuencia de tales daños personales y/ materiales, causados durante el giro normal de su actividad, llevados a cabo en cualquier lugar dentro del territorio Colombiano.
A23: BIENES E INTERESES ASEGURABLES | B23: Se considerarán asegurados todos los predios y actividades que el asegurado posea y desarrolle, bien sea en arriendo, comodato, use o entregue en comodato y aquellos de terceros que la entidad use, mantenga, ocupe, y desempeñe sus actividades y operaciones, o que sea tenedor o a cualquier título y en general en los cuales desarrolle y realice las actividades propias de la administración municipal, control y de servicio a la comunidad, incluyendo los predios e instalaciones públicos que, de acuerdo a la ley, se encuentren bajo su responsabilidad, protección, administración y control.
A24: COBERTURAS VALORES ASEGURADOS Y SUBLIMITES OBLIGATORIOS
A25: Predios, Labores y operaciones. (PLO) | B25: 3300000001
A26: Actividades de cargue, descargue y transporte de bienes, incluyendo eventualmente los azarosos e inflamables. | B26: =B25 -> 3300000001
A27: Transporte y Manejo de Materias prima y Productos | B27: =B26 -> 3300000001
A28: Actividades deportivas, culturales y sociales dentro y fuera de los predios del asegurado | B28: =B27 -> 3300000001
A29: Avisos, vallas y letreros dentro y fuera de predios, sean o no instalados por el asegurado | B29: =B28 -> 3300000001
A30: Perjuicios causados por directivos, representantes y empleados del asegurado, en el desempeño de sus funciones y dentro de las actividades del asegurado, dentro y fuera de Colombia, incluyendo en viajes. La presente cobertura no ampara la responsabilidad civil profesional, ni RC Servidores Públicos | B30: =B29 -> 3300000001
A31: Contaminación accidental, súbita e imprevista | B31: =B30 -> 3300000001
A32: Eventos sociales organizados por el asegurado, desarrollados dentro y fuera de sus predios. | B32: =B31 -> 3300000001
A33: RC Incendio y explosión. | B33: =B32 -> 3300000001
A34: Participación del asegurado en ferias y exposiciones nacionales e internacionales | B34: =B33 -> 3300000001
A35: Posesión, uso y mantenimiento de depósitos, tanques y tuberías o redes. | B35: =B34 -> 3300000001
A36: Uso de Restaurantes y cafeterías, campos deportivos, clubes y casinos. | B36: =B35 -> 3300000001
A37: Uso de ascensores, elevadores, escaleras automáticas, grúas, montacargas y equipos de trabajo y transporte dentro de predios. | B37: =B36 -> 3300000001
... A39: Propietarios, Arrendatarios y/o poseedores | B39: =B38 -> 3300000001
A40: Contratistas y subcontratistas independientes. Incluyendo trabajos de mantenimiento, reparaciones y modificaciones de predios.
A41: Evento | B41: =B39*25% -> 8.25e+08
A42: Vigencia | B42: =B39*50% -> 1.65e+09
A43: Bienes bajo cuidado, tenencia y control y custodia, declarados o no.
A44: Evento | B44: =B42*25% -> 4.125e+08
A45: Vigencia | B45: =B42*50% -> 8.25e+08
A46: R.C. Parqueaderos.
A47: Evento | B47: 400000000
A48: Vigencia | B48: 800000000
A49: R.C. Cruzada.
A50: Evento | B50: =B37 -> 3300000001
A51: Vigencia | B51: =B38 -> 3300000001
A52: R.C. Patronal. En exceso de la seguridad social.
A53: Evento | B53: 1000000000
A54: Vigencia | B54: 2500000000
A55: R.C. Vehículos propios y no propios.
A56: Evento | B56: 1000000000
A57: Vigencia | B57: 2000000000
A58: Gastos Médicos, hospitalarios y traslado de víctimas.
A59: Evento | B59: 200000000
A60: Vigencia | B60: 300000000
A61: Otras propiedades adyacentes
A62: Evento | B62: 1500000000
A63: Vigencia | B63: 1500000000
A64: R.C. Errores de Puntería, uso de armas de fuego : Incluye personal contratista de firma especializada que la Entidad, utiliza para labores de vigilancia o de seguridad, escoltas y uso de perros guardianes. | B64: Hasta 400 SMMLV.
A65: CONDICIONES TÉCNICAS BÁSICAS OBLIGATORIAS Queda expresamente acordado y convenido que la aseguradora acepta las condiciones técnicas básicas obligatorias establecidas en este anexo, en los términos aquí señalados; por lo tanto, en caso de existir discrepancia entre este texto frente a los ejemplares de las condiciones generales de la póliza o en los certificados, anexos, nota de cobertura, slip de cotización o cualquier otro documento incluido o no en la oferta, prevalecerán los términos de este anexo de condiciones técnicas básicas obligatorias. Por lo tanto se deberá entender que la aseguradora acepta las siguientes cláusulas.
A66: COBERTURA BÁSICA | B66: Adicional al alcance de la cobertura, la presente póliza ampara los perjuicios patrimoniales incluyendo el daño moral y lucro cesante. Igualmente se amparan los perjuicios extrapatrimoniales incluyendo los daños morales, daños a la vida de relación, daños fisiológicos, alteraciones a las condiciones de existencia, daños al proyecto de vida, daños a la honra, daños sexuales, daños a la salud, daños estéticos y otros que se enmarquen como extrapatrimoniales con motivo de la responsabilidad civil extracontractual en que incurra de acuerdo con la ley colombiana. La compañía responderá, por los costos del proceso que el tercero damnificado o sus causahabientes promuevan en su contra o la del asegurado (valores incluidos dentro de la suma asegurada principal), con las salvedades siguientes: La compañía responderá, además, por los costos del proceso (haciendo parte de la suma asegurada y no en adición a ella) que el tercero damnificado o sus causahabientes promuevan en su contra o la del asegurado.
A67: CONVENIO PARA EL PLAZO DEL PAGO DE LA PRIMA | B67: No obstante cualquier estipulación en contrario, por la presente cláusula se deja establecido que, de acuerdo con lo estipulado en el artículo 81 de la Ley 45/90 y la Resolución numero 03750 de Diciembre 31/74 de la Superintendencia Financiera, las partes contratantes convienen que las primas causadas por el presente Contrato de seguros y los Certificados o Anexos que se emitan en aplicación al mismo serán pagadas por el asegurado dentro de los noventa (90) días a partir de la fecha en que el respectivo documento sea recibido en sus oficinas, directamente por la Aseguradora y/o por el intermediario de seguros, quien deberá certificar haber recibido a satisfacción las respectivas pólizas en las condiciones contratadas; Si las pólizas no han sido correctamente elaboradas, el término para el pago solo empezará a contarse desde la fecha en que se presenten en debida forma. La demora en el pago originada por la presentación incorrecta de los documentos requeridos será responsabilidad del contratista y no tendrán por ello derecho al pago de intereses o compensación de ninguna naturaleza o a la aplicación de la terminación del contrato por mora en el pago de la prima.
A68: REVOCACIÓN, NO RENOVACIÓN O MODIFICACIONES DE LA PÓLIZA Y SUS ANEXOS | B68: La Aseguradora deberá dar aviso por escrito al ASEGURADO, con una anticipación de noventa (90) días en caso que decida modificar, revocar o no renovar esta póliza y/o alguno de sus amparos adicionales o modificar cualquiera de sus condiciones. En caso de revocación la aseguradora devolverá al asegurado, la proporción de prima correspondiente al tiempo que falte para el vencimiento de la Póliza, liquidada a prorrata.
A69: MODIFICACIONES A FAVOR DEL ASEGURADO | B69: Si durante la vigencia de este seguro se presentan modificaciones a las condiciones generales y particulares de la póliza, que presenten un beneficio a favor del ASEGURADO, tales modificaciones se consideran automáticamente incorporadas a la póliza siempre que el cambio no implique un aumento en la prima originalmente pactada.
A70: CLAUSULA DE APLICACIÓN DE CONDICIONES PARTICULARES | B70: Queda expresamente acordado y convenido, que la Compañía acepta las condiciones básicas técnicas establecidas en este anexo en los términos señalados en el mismo, por lo tanto, en caso de existir discrepancia ente los ofrecimientos contenidos en la propuesta técnica básica, frente a los textos de los ejemplares de las pólizas, certificados, anexos o cualquier otro documento; prevalecerá la información y condiciones básicas técnicas establecidas.
A71: PRORROGAS | B71: Queda expresamente declarado y convenido que la (s) aseguradora (s) queda (n) obligadas (s) a otorgar la (s) prorroga (s) que el Asegurado, solicite en caso de que se requiera tiempo adicional para surtir los trámites internos de un nuevo proceso, en las mismas condiciones en que se encuentran suscritas las pólizas como también las modificaciones que se requieran en el transcurso de la vigencia sin condicionamiento alguno, incluido el intermediario.
A72: REVISIÓN DE TÉRMINOS PARA PRORROGA | B72: Bajo esta cláusula la compañía podrá realizar revisión de términos para las prórrogas cuando la siniestralidad incurrida sobrepase el 60%. (Siniestralidad incurrida =siniestros pagos + reservas + 10% IBNR/primas netas).
A73: AVISO DE SINIESTRO | B73: No obstante lo dispuesto en las condiciones la Póliza o en sus anexos, por la presente cláusula se conviene entre las partes, un término sesenta (60) días hábiles para que el Asegurado de aviso al Asegurador de cualquier evento que afecte a la presente Póliza, contados a partir de la fecha en que haya tenido conocimiento de dicho evento, sin perjuicio de lo establecido en el artículo 1081 del Código de Comercio.
A74: GARANTÍAS | B74: Queda expresamente acordado y aceptado que la cobertura otorgada bajo la presente póliza no queda sujeta al cumplimiento de ningún tipo de garantía por parte de la entidad asegurada.
A75: ERRORES, OMISIONES O INEXACTITUDES NO INTENCIONALES | B75: El tomador está obligado a declarar sinceramente los hechos y circunstancias que determinen el estado del riesgo. La inexactitud sobre hechos o circunstancias que, conocidas por la compañía, la hubieren retraído de celebrar el contrato o inducido a estipular condiciones más onerosas, produce la nulidad relativa del seguro. Sin embargo, si se incurriere en errores, omisiones e inexactitudes inculpables al tomador o al asegurado, el contrato no será nulo ni habrá lugar a la aplicación del inciso tercero del artículo 1058 del Código de Comercio sobre reducción porcentual de la prestación asegurada. En este caso se deberá pagar la prima adecuada al verdadero estado del riesgo.
A76: CLAUSULA DE JURISDICCIÓN Y SOLUCIÓN DE CONTROVERSIAS | B76: Se deja constancia que en caso de existir alguna controversia, ésta se dirimirá de acuerdo con lo establecido en la Ley y los diferentes mecanismos de solución de conflictos
A77: DOMICILIO | B77: Sin perjuicios de las disposiciones procesales para los efectos relacionados con el presente contrato, se fija como domicilio de las partes la ciudad de BOGOTA D.C., en la República de Colombia.
... A104: PROPIETARIOS, COPROPIETARIOS, ARRENDATARIOS Y POSEEDORES | B104: En virtud del presente amparo se cubren las indemnizaciones que deba pagar el asegurado en razón de la responsabilidad civil que le sea imputable en su calidad de propietario, copropietario, arrendatario, arrendador ó poseedor de los inmuebles que ocupe o de en arrendamiento. Esta cobertura se extiende además a cubrir la responsabilidad civil del asegurado derivada de:
B105: 1. Hechos de porteros, conserjes, jardineros u otros dependientes del asegurado, con motivo de sus funciones al servicio del inmueble.
B106: 2. Reparaciones, modificaciones o construcciones dentro de los mismos inmuebles.
A107: RESPONSABILIDAD CIVIL POR INCENDIO Y/Ó RAYO, EXPLOSIÓN | B107: La póliza se extiende a cubrir los daños y perjuicios patrimoniales y extrapatrimoniales ocasionados a terceros por Incendio, Rayo y Explosión.
A108: PARTICIPACIÓN DE LA ENTIDAD EN FERIAS Y EXPOSICIONES NACIONALES E INTERNACIONALES | B108: En el desarrollo de su actividad - Se excluye Estados Unidos, Puerto Rico y Canadá
A109: GASTOS DE DEFENSA, CAUCIONES Y COSTAS PROCESALES | B109: La presente póliza ampara, aún en exceso de la suma asegurada, los siguientes gastos: 1. Los honorarios de abogado y demás gastos que tenga que sufragar el Asegurado para la defensa de sus intereses, como consecuencia de la reclamación judicial o extrajudicial de la víctima o sus causahabientes, aún en el caso de que sea infundada, falsa o fraudulenta. 2. El costo de cualquier clase de caución que el Asegurado tenga que prestar en los procesos de que trata el numeral anterior. La Aseguradora no se obliga sin embargo, a otorgar dichas cauciones.
B110: En los casos en los que por no haber condena u obligación de indemnizar en cabeza del Asegurado, sólo haya lugar al reconocimiento de gastos de defensa y/o cauciones judiciales bajo esta póliza, no habrá lugar a la aplicación de deducible. Las costas del proceso que el tercero damnificado o sus causahabientes promuevan en contra del asegurado y/o la Aseguradora, con la salvedad que si la condena por los perjuicios ocasionados a la víctima excede la suma asegurada, la Aseguradora sólo responderá por los costos del proceso en proporción a la cuota que le corresponda en la indemnización.
A111: SUBROGACION | B111: Contempla bajo esta condición, el otorgamiento de las siguientes condiciones: Al indemnizar un siniestro la aseguradora se subroga, por ministerio de la ley y hasta concurrencia de su importe, en los derechos del Asegurado contra las personas responsables del siniestro, no obstante la aseguradora renuncia expresamente a ejercer sus derechos de subrogación contra: 1. Cualquier persona o entidad que sea un asegurado bajo la póliza 2. Cualquier filial, subsidiaria u operadora del asegurado 3. Cualquier miembro de la Junta Directiva o cualquier empleado o dependiente del asegurado, salvo el caso en que los daños hayan sido causados intencionalmente por ellos.
A112: NOMBRAMIENTO DE AJUSTADOR | B112: En caso de siniestro que afecte las pólizas contratadas y en los que a juicio de la aseguradora se deba asignar Ajustador, dichos Ajustadores no podrán ser asignados unilateralmente por la aseguradora, sino bajo los siguientes parámetros: • Sé elegirá una terna de Empresas de Ajustadores nominada por la Entidad y la Aseguradora. • La terna debe corresponder a firmas de Ajustadores con sede principal o sucursal en Bogotá • La escogencia del Ajustador se efectuará de común acuerdo entre la Entidad y la Aseguradora. • El Ajustador deberá ser designado dentro de los tres (3) días hábiles siguientes contados a partir de la fecha del reporte del siniestro. • El Ajustador deberá contactar al Asegurado y efectuar las visitas de rigor dentro de los dos (2) días hábiles siguientes a la fecha de designación, en caso contrario, se designará otro de los integrantes de la terna preseleccionada.
A113: EXTENSION DE COBERTURA PARA BIENES DE PROPIEDAD DE EMPLEADOS | B113: Esta cobertura se extiende a cubrir los daños materiales causados por el asegurado o sus dependientes, contratistas y subcontratistas, a bienes de propiedad de empleados ocasionados dentro ó fuera de los predios del asegurado.
A114: RESPONSABILIDAD CIVIL DEL ASEGURADO FRENTE A FAMILIARES DE LOS TRABAJADORES | B114: Queda expresamente convenido y acordado que para efectos de este seguro se entederán como terceros los familiares del personal del asegurado, siempre y cuando los mismos no tengan relación contractual con la entidad.
A115: NO CONCURRENCIA DE AMPAROS, CLAUSULAS O CONDICIONES | B115: Queda entendido, convenido y aceptado, que si dos o más amparos, cláusulas o condiciones otorgan cobertura a un mismo evento, se indemnizará con base en aquella que ofrezca mayor protección para los intereses del asegurado. De igual manera prevalecerán los amparos, cláusulas o condiciones que otorguen coberturas sobre aquellos que las excluyan. En todo caso y ante cualquier discrepancia sobre cual es el amparo, cláusula o condición aplicable a un caso determinado, se aplicara aquella o aquellas que en conjunto determine el asegurado de acuerdo a su conveniencia.
A116: ADICIONALMENTE LA COMPAÑÍA SERA RESPONSABLE POR: | B116: a.) Todos los gastos y expensas judiciales decretados a favor de cualquier reclamante contra el asegurado. b.) Todos los honorarios de abogado, gastos y expensas judiciales en que haya incurrido el Asegurado, tanto para la etapa de conciliación extrajudicial como para el proceso judicial, con el consentimiento escrito de la compañía para oponerse a cualquier reclamo. c.) Asistencia jurídica en proceso penal y civil La compañía responderá, aun en exceso de la suma asegurada por los costos del proceso que el tercero damnificado o sus causahabientes promuevan en su contra o la del asegurado, con las salvedades siguientes: • Si la responsabilidad proviene de dolo o esta expresamente señalada en las exclusiones de la póliza. • Si el asegurado afronta el proceso contra orden expresa de la compañía, y • Si la condena por los perjuicios ocasionados a la victima excede la suma que delimita la responsabilidad de la compañía, esta solo responderá por los gastos del proceso en proporción a la cuota que le corresponda en la indemnización
A117: ANTICIPO DE LA INDEMNIZACIÓN | B117: Hasta el 50% Una vez ocurrida una pérdida por la póliza y por solicitud escrita del asegurado, la compañía efectuara anticipos al asegurado por la indemnización aun no liquidada, que resulten necesarios y razonables, según acuerden las partes, hasta un 50% para la reparación o reposición del bien siniestrado.
A118: DEDUCIBLES OBLIGATORIOS SIN APLICACIÓN DE DEDUCIBLE
A123: NOMBRE Y FIRMA REPRESENTANTE LEGAL

Sheet MANEJO ESTATAL
A1: ANEXO Nº 2 ESPECIFICACIONES TECNICAS SEGURO DE MANEJO ENTIDADES ESTATALES
A2: TOMADOR: | B2: ='TODO RIESGO DAÑOS MATERIALES'!B2 -> FONDO DE BIENESTAR SOCIAL DE LA CONTRALORIA GENERAL DE LA REPUBLICA
A3: ASEGURADO : | B3: =B2 -> FONDO DE BIENESTAR SOCIAL DE LA CONTRALORIA GENERAL DE LA REPUBLICA
A4: BENEFICIARIO: | B4: =B3 -> FONDO DE BIENESTAR SOCIAL DE LA CONTRALORIA GENERAL DE LA REPUBLICA
A5: NIT | B5: ='TODO RIESGO DAÑOS MATERIALES'!B5 -> 800.252.683-3
A6: RAMO | B6: Seguro de Manejo Entidades Estatales
A7: INTERMEDIARIO | B7: GONSEGUROS CORREDORES DE SEGUROS S.A.
A8: VIGENCIA | B8: ='TODO RIESGO DAÑOS MATERIALES'!B8 -> DESDE LAS 00:00 HORAS DEL 17 DE AGOSTO DE 2026 HASTA LAS 24:00 HORAS DEL 16 DE AGOSTO DE 2027
A9: CONDICIONES TECNICAS BASICAS OBLIGATORIAS
A10: DESCRIPCION DE LA ACTIVIDAD DEL ASEGURADO | B10: Entidad Pública -
A11: DIRECCION COMERCIAL /TELEFONO | B11: Carrera 69 No. 44-35 Piso 4 BOGOTÁ COLOMBIA
A12: DIRECCION DEL RIESGO | B12: Territorio Colombiano
A13: AMPAROS OBLIGATORIOS | B13: Delitos contra la Administración Pública
B14: Delitos contra el patrimonio económico.
B15: Juicios por Responsabilidad Fiscal
B16: Gastos de reconstrucción de cuentas.
B17: Gastos de rendición de cuentas.
A18: OBJETO DEL SEGURO | B18: Amparar los riesgos que impliquen menoscabo de los fondos y/o bienes de propiedad de la entidad, o que estén bajo su tenencia, control y/o responsabilidad causados por acciones u omisiones de sus servidores, que incurran en delitos contra la administración pública o fallos con responsabilidad fiscal, por incumplimiento de las disposiciones legales y reglamentarias, incluyendo el costo de la rendición de cuentas en caso de abandono del cargo o fallecimiento del empleado, en concordancia con la Resolución 014249 del 15 de mayo de 1992, aprobada por la Contraloría General de la República.
A19: MODALIDAD DE COBERTURA | B19: Los amparos otorgados, en la presente póliza, operan bajo la modalidad de delimitación temporal de cobertura, denominada OCURRENCIA, es decir que se cubrirán las pérdidas que sufra o que se causen al asegurado durante la vigencia de la póliza.
A20: VALORES ASEGURADOS OBLIGATORIOS
A21: Amparo básico | B21: 800000000
A22: Empleados no identificados 100% del valor asegurado principal | B22: =B21 -> 800000000
A23: Protección de depósitos bancarios: 100% del valor asegurado principal. | B23: =B22 -> 800000000
A24: Empleados de firmas temporales y especializadas, de cooperativas y empresas asociativas: 100% del valor asegurado principal. | B24: =B23 -> 800000000
A25: Pago del siniestro sin necesidad de Fallo Fiscal | B25: 1300000000
A26: Costas en juicios y honorarios profesionales 40% del Valor Asegurado | B26: =B21*40% -> 320000000
A27: Bienes bajo cuidado, tenencia o control declarados por el asegurado. 40% del valor asegurado | B27: =B22*40% -> 320000000
A28: Gastos de Reconstrucción de cuentas | B28: =B24*50% -> 400000000
A29: Gastos de Rendición de cuentas | B29: =B25*50% -> 650000000
A30: Cargos Asegurados | B30: Total Planta de cargos del Asegurado
A31: CLAUSULAS Y SUBLIMITES OBLIGATORIOS Queda expresamente acordado y convenido que la aseguradora acepta las condiciones tecnicas básicas obligatorias establecidas en este anexo, en los termimos aqui señalados; por lo tanto, en caso de exisitir discrepancia entre este texto frente a los ejemplares de las condiciones generales de la poliza o en los certificados, anexos, nota de cobertura, slip de cotizacion o cualquier otro documento incluido o no en la oferta, prevaleceran los terminos de este anexo de condiciones tecnicas básicas obligatorias. Por lo tanto se deberá entender que la aseguradora acepta las siguientes cláusulas.
A32: EMPLEADOS NO IDENTIFICADOS | B32: En caso de ocurrencia de cualquier pérdida, en la que la entidad, no pudiera determinar específicamente al empleado o los empleados responsables, la compañía reconocerá la indemnización correspondiente, siempre y cuando las circunstancias que dieron lugar al evento, permitan considerar que en la ocurrencia del mismo intervinieron uno o varios empleados de la entidad, a cualquier titulo (autor intelectual, material o cómplice). Queda entendido que la responsabilidad de la compañía, respecto de tales pérdidas, no excederá en ningún caso del monto asegurado estipulado en la póliza. Los faltantes de inventario estarán amparados en los mismos términos establecidos anteriormente, siempre y cuando no sean atribuibles a entradas y salidas de almacén. Prevalecerá sobre esta condición el señalamiento de la pérdida por hurto simple cuando así lo indique la entidad. No se interpretara como faltante de inventario la pérdida de bienes en deposito y/o almacenados (guardados), que sean señaladas como hurto simple. NOTA: Para faltantes de inventario, sublimite del 15%
A33: PROTECCIÓN DE DEPÓSITOS BANCARIOS | B33: Cubre las pérdidas de dinero que el asegurado tenga depositado en sus cuentas corrientes o de ahorro en entidades bancarias o financieras (incluidos sus respectivos intereses), que se deba a falsificación o adulteración de un cheque, letra de cambio, pagaré, carta de crédito o cualquier otra clase de título valor que el banco o entidad financiera presuma que ha sido firmado, endosado o avalado por el asegurado o por una persona que obre en su nombre o representación y que el banco o entidad financiera compruebe que no es responsable por dicho pago, incluyendo: • Cualquier cheque o giro hecho o girado en nombre de la Entidad pagadero a una persona ficticia y endosado o pagado a nombre de dicha persona. • Cualquier cheque o giro hecho o girado en transacción de la Entidad o por su representante a favor de un tercero y entregado al representante de éste que resultare endosado o cobrado por persona distinta de aquel a quien se giró. • y, Cualquier cheque o giro con destino al pago de salarios que habiendo sido girado u ordenado por la Entidad, resultare endosado y cobrado por un tercero obrando supuestamente a nombre del girador, o de aquel a quien se debía hacer el pago. Para efectos de esta cobertura, las firmas estampadas por medios mecánicos, se consideran como firmas autografas
A34: EXTENSION DE COBERTURA PARA EMPLEADOS OCASIONALES, TEMPORALES Y TRANSITORIOS | B34: Por la presente condición la cobertura de la presente póliza se extiende a amparar a los trabajadores ocasionales, temporales o transitorios y a quienes sin serlo, realicen prácticas o investigaciones en sus dependencias. Esta cobertura queda sujeta a que las operaciones que realicen tales personas estén bajo el control de la entidad
A35: EXTENSION DE COBERTURA PARA EMPLEADOS DE FIRMAS ESPECIALIZADAS Y OTROS | B35: Bajo esta condición la cobertura de la presente póliza se extiende a amparar a todas aquellas personas naturales que presten servicios en los establecimientos del asegurado bajo cualquier título o contrato, incluidos los empleados de firmas especializadas, los empleados de contratistas independientes, los cuales deben cumplir con las normas que los regulan y con las garantías exigidas por la ley 80 de 1993. Esta cobertura queda sujeta a que las operaciones que realicen tales personas estén bajo el control de la entidad
A36: EXTENSIÓN DE COBERTURA PARA PERDIDAS OCASIONADAS POR EMPLEADOS DE CONTRATISTAS INDEPENDIENTES | B36: AL 100% DEL VALOR ASEGURADO.
A37: CLAUSULAS PARTICULARES Y CONDICIONES ESPECIALES OBLITATORIAS
A38: CONVENIO PARA EL PLAZO DEL PAGO DE LA PRIMA | B38: No obstante cualquier estipulación en contrario, por la presente cláusula se deja establecido que, de acuerdo con lo estipulado en el artículo 81 de la Ley 45/90 y la Resolución numero 03750 de Diciembre 31/74 de la Superintendencia Financiera, las partes contratantes convienen que las primas causadas por el presente Contrato de seguros y los Certificados o Anexos que se emitan en aplicación al mismo serán pagadas por el asegurado dentro de los noventa (90) días a partir de la fecha en que el respectivo documento sea recibido en sus oficinas, directamente por la Aseguradora y/o por el intermediario de seguros, quien deberá certificar haber recibido a satisfacción las respectivas pólizas en las condiciones contratadas; Si las pólizas no han sido correctamente elaboradas, el término para el pago solo empezará a contarse desde la fecha en que se presenten en debida forma. La demora en el pago originada por la presentación incorrecta de los documentos requeridos será responsabilidad del contratista y no tendrán por ello derecho al pago de intereses o compensación de ninguna naturaleza o a la aplicación de la terminación del contrato por mora en el pago de la prima.
A39: REVOCACIÓN, NO RENOVACIÓN O MODIFICACIONES DE LA PÓLIZA Y SUS ANEXOS | B39: La Aseguradora deberá dar aviso por escrito al ASEGURADO, con una anticipación de noventa (90) días en caso que decida modificar, revocar o no renovar esta póliza y/o alguno de sus amparos adicionales o modificar cualquiera de sus condiciones. En caso de revocación la aseguradora devolverá al asegurado, la proporción de prima correspondiente al tiempo que falte para el vencimiento de la Póliza, liquidada a prorrata.
A40: MODIFICACIONES A FAVOR DEL ASEGURADO | B40: Si durante la vigencia de este seguro se presentan modificaciones a las condiciones generales y particulares de la póliza, que presenten un beneficio a favor del ASEGURADO, tales modificaciones se consideran automáticamente incorporadas a la póliza siempre que el cambio no implique un aumento en la prima originalmente pactada.
A41: CLAUSULA DE APLICACION DE CONDICIONES PARTICULARES | B41: Queda expresamente acordado y convenido, que la Compañía acepta las condiciones básicas tecnicas establecidas en este anexo en los terminos señalados en el mismo, por lo tanto, en caso de existir discrepancia ente los ofrecimientos contenidos en la propuesta tecnica básica, frente a los textos de los ejemplares de las pólizas, certificados, anexos o cualquier otro documento; prevalecerá la información y condiciones básicas tecnicas establecidas.
A42: PRORROGAS | B42: Queda expresamente declarado y convenido que la (s) aseguradora (s) queda (n) obligadas (s) a otorgar la (s) prorroga (s) que el Asegurado, solicite en caso de que se requiera tiempo adicional para surtir los trámites internos de un nuevo proceso, en las mismas condiciones en que se encuentran suscritas las pólizas como tambien las modificaciones que se requieran en el transcurso de la vigencia sin condicionamiento alguno, incluido el intermediario.
A43: REVISION DE TERMINOS PARA PRORROGA | B43: Bajo esta clusula la compañía podrá realizar revisión de términos para las prórrogas cuando la siniestralidad incurrida sobrepase el 60%. (Siniestralidad incurrida =siniestros pagos + reservas + 10% IBRN/primas netas).
A44: AVISO DE SINIESTRO | B44: No obstante lo dispuesto en las condiciones la Póliza o en sus anexos, por la presente cláusula se conviene entre las partes, un término sesenta (60) días habiles para que el Asegurado de aviso al Asegurador de cualquier evento que afecte a la presente Póliza, contados a partir de la fecha en que haya tenido conocimiento de dicho evento, sin perjuicio de lo establecido en el artículo 1081 del Código de Comercio.
A45: GARANTIAS | B45: Queda expresamente acordado y aceptado que la cobertura otorgada bajo la presente póliza no queda sujeta al cumplimiento de ningún tipo de garantía por parte de la entidad asegurada.
A46: ERRORES, OMISIONES O INEXACTITUDES NO INTENCIONALES | B46: El tomador está obligado a declarar sinceramente los hechos y circunstancias que determinen el estado del riesgo. La inexactitud sobre hechos o circunstancias que, conocidas por la compañía, la hubieren retraído de celebrar el contrato o inducido a estipular condiciones más onerosas, produce la nulidad relativa del seguro. Sin embargo, si se incurriere en errores, omisiones e inexactitudes inculpables al tomador o al asegurado, el contrato no será nulo ni habrá lugar a la aplicación del inciso tercero del artículo 1058 del Código de Comercio sobre reducción porcentual de la prestación asegurada. En este caso se deberá pagar la prima adecuada al verdadero estado del riesgo.
A47: CLAUSULA DE JURISDICCION Y SOLUCION DE CONTROVERSIAS | B47: Se deja constancia que en caso de existir alguna controversia, ésta se dirimirá de acuerdo con lo establecido en la Ley y los diferentes mecanismos de solucion de conflictos
A48: DOMICILIO | B48: Sin perjuicios de las disposiciones procesales para los efectos relacionados con el presente contrato, se fija como domicilio de las partes la ciudad de BOGOTA D.C., en la República de Colombia.
A49: RESTABLECIMIENTO AUTOMÁTICO DEL VALOR ASEGURADO POR PAGO DE SINIESTRO CON COBRO DE PRIMA (1) VEZ | B49: Queda entendido y convenido en adición a los términos y condiciones contenidas en la Póliza o en sus anexos que el valor asegurado se reducirá en igual cantidad del monto del siniestro y que la Aseguradora acepta el restablecimiento automático del mismo, mediante el pago de la prima a que haya lugar.
... A76: ANTICIPO DE LA INDEMNIZACION | B76: Aplica hasta por el 65% del valor del siniestro, una vez la aseguradora reciba el informe preliminar del ajustador indicando que el reclamo es procedente.
A77: DEDUCIBLES OBLIGATORIOS SIN APLICACIÓN DE DEDUCIBLE
A82: NOMBRE Y FIRMA REPRESENTANTE LEGAL

Sheet RC SERVIDORES P
A1: ANEXO Nº 4 (ESPECIFICACIONES TECNICAS SEGURO DE RESPONSABILIDAD CIVIL SERVIDORES PUBLICOS)
A2: TOMADOR | B2: ='RCE '!B7 -> FONDO DE BIENESTAR SOCIAL DE LA CONTRALORIA GENERAL DE LA REPUBLICA
A3: ASEGURADO | B3: VER DEFINICION DE ASEGURADO
A4: BENEFICIARIO | B4: TERCEROS AFECTADOS
A5: NIT | B5: ='RCE '!B10 -> 800.252.683-3
A6: RAMO | B6: RC SERVIDORES PUBLICOS
A7: INTERMEDIARIO: | B7: GONSEGUROS CORREDORES DE SEGUROS S.A.
A8: VIGENCIA | B8: DESDE LAS 00:00 HORAS DEL 09 DE NOVIEMBRE DE 2026 HASTA LAS 24:00 HORAS DEL 08 DE NOVIEMBRE DE 2027
A9: CONDICIONES TÉCNICAS BÁSICAS OBLIGATORIAS
A10: OBJETO | B10: Contratar la cobertura de seguro de responsabilidad civil servidores públicos, de conformidad con lo previsto en artículo 43 de la ley 2008 de 2019 y el articulo 46 del decreto 2411 de 2019, disposiciones que autorizan a las entidades estatales la contratación del seguro en los términos allí establecidos. También podrán contratar un seguro de responsabilidad civil para servidores públicos, mediante el cual se ampare la responsabilidad de los mismos por actos o hechos no dolosos ocurridos en ejercicio de sus funciones, y los gastos de defensa en materia disciplinaria, penal y fiscal que deban realizar; estos últimos gastos los podrán pagar las entidades, siempre y cuando exista decisión definitiva que exonere de toda responsabilidad y no sea condenada la contraparte a las costas del proceso. amparar los perjuicios o detrimentos patrimoniales causados a la contraloría general de la república, como consecuencia de decisiones de gestión incorrectas, pero no dolosas, adoptadas y/o ejecutadas o inejecutadas, por los servidores públicos y/o funcionarios con regímenes de responsabilidad similares a los de los servidores públicos, cuyos cargos se relacionan en el presente pliego de condiciones. Al igual que asumir los gastos de defensa (honorarios profesionales de abogados defensores y cauciones judiciales) según los límites por etapas procesales establecidos en este documento, en todo tipo de procesos, incluidos los penales siempre que se trate de delitos no dolosos; civiles; administrativos; iniciados por entes de control (procuraduría, contraloría o similares), investigaciones o procesos internos, o; por cualquier organismo oficial, en los que se discuta la responsabilidad correspondiente a los cargos asegurado.
A11: VALORES ASEGURADOS
A12: PERJUICIOS O DETRIMENTO PATRIMONIAL | B12: 2500000000
A13: GASTOS DE DEFENSA | B13: 1300000000
A14: RELACIÓN DE CARGOS A ASEGURAR | E14: CANTIDAD
A15: GERENTE | E15: 1
A16: DIRECTOR ADMINISTRATIVO Y FINANCIERO 1 | E16: 1
A17: DIRECTOR DE DESARROLLO Y BIENESTAR SOCIAL 1 | E17: 1
A18: TESORERO PROFESIONAL ESPECIALIZADO GRADO 21 | E18: 1
A19: SUBDIRECCIÓN DE DESARROLLO Y EMPRENDIMIENTO | E19: 1
A20: SUBDIRECCIÓN DE BIENESTAR Y CALIDAD DE VIDA | E20: 1
A21: ASESOR JURIDICO | E21: 1
A22: PROFESIONAL ESPECIALIZADO GRADO 21 - COORDINADOR GRUPO DE GESTIÓN ADMINISTRATIVA | E22: 1
A23: TOTAL CARGOS | E23: 8
A24: PERJUICIOS O DETRIMENTO PATRIMONIAL, SUBLÍMITE DE $2.500.000.000 EVENTO / AGREGADO VIGENCIA INCLUIDO LOS GASTOS DE DEFENSA: | B24: Ampara los perjuicios o detrimentos patrimoniales causados a la entidad y/o al estado, incluyendo la culpa grave como consecuencia de las decisiones de gestiones incorrectas pero no dolosas, adoptadas y/o ejecutadas o inejecutadas por los servidores públicos y/o funcionarios con regímenes de responsabilidad similares a los de los servidores públicos, cuyos cargos estén amparados en la póliza así mismo, esta cobertura se extiende para amparar los perjuicios por los que los funcionarios asegurados sean responsables por haber cometido algún acto incorrecto respecto del cual se les siga o debiera seguir, un juicio de responsabilidad fiscal de acuerdo con las previsiones de la ley 610 de 2000, así como la acción de repetición o de llamamiento en garantía con fines de repetición, contemplado en la ley 678 de 2001, articulo 90 de la cpc.
A25: GASTOS DE DEFENSA SUBLÍMITE DE $1.300.000.000 AGREGADO VIGENCIA / EVENTO, INCLUIDOS EN EL LÍMITE DE PERJUICIOS O DETRIMENTO PATRIMONIAL | B25: Mediante esta cobertura se amparan los gastos de defensa (honorarios profesionales de abogados defensores y cauciones judiciales) en materia disciplinaria, penal, fiscal, administrativo (incluidos los de reparación directa), civil (incluidos, los artículos 64 y 65 del código general del proceso y la ley 1564 de 2012), investigaciones disciplinarias internas y en general los incurridos para defenderse en cualquier tipo de investigación o proceso adelantados por organismos oficiales, según los límites por: tipos de procesos y etapas procesales establecidos en este documento. queda expresamente convenido, que dentro de los límites y sublímites de gastos de defensa están considerados los impuestos y gravámenes, ya sean fiscales, tributarios u otros legalmente establecidos, y que por tal motivo formen parte del costo de los servicios de gastos de defensa que sean prestados a los asegurados
A26: DEFINICIÓN DE ASEGURADO: | B26: Se considera asegurado: los administradores de la entidad, cuyos cargos se detallan en el formulario de solicitud adjunto a estos Pliegos de Condiciones. Cuando se dé un cambio de funcionario éste se cubre automáticamente, siempre y cuando el cargo que se ocupe se encuentre en la relación de los cargos asegurados.
A27: MODIFICACIÓN EN LAS LEYES EXISTENTES O INTRODUCCIÓN DE NUEVA LEGISLACIÓN: | B27: La presente póliza otorgará cobertura a los asegurados, frente a la modificación en las leyes existentes o la introducción de nueva legislación en materia penal, disciplinaria o fiscal, sujeto a que las investigaciones o procesos que sean iniciados en virtud de dichas modificaciones legislativas, tengan como finalidad imputar responsabilidad a los asegurados, por acciones u omisiones no dolosas cometidas en calidad de servidores públicos, con ocasión de las funciones propias del cargo asegurado. esta póliza se extiende a cubrir los perjuicios (reales o presuntos), reclamaciones, demandas o investigaciones contra los funcionarios que ocupan los cargos asegurados, cuando ellas individualicen o se dirijan contra un funcionario asegurado. de acuerdo con los términos y condiciones de esta póliza.
A28: SUBLÍMITES BÁSICOS OBLIGATORIOS PARA LA COBERTURA DE GASTOS DE DEFENSA
A29: La propuesta debe contemplar el ofrecimiento de los siguientes sublimites de honorarios profesionales de abogados, los cuales deben operar exclusivamente bajo la modalidad de: por persona y por cada proceso para cada una de de las personas cuyo cargo se encuentre asegurado, precisando que la presente cobertura será efectiva siempre y cuando en la reclamación este individualizado el cargo, la persona, y que la conducta a investigar goce de cobertura.
A30: DEFINICIONES | B30: EL AUTO DE APERTURA DE LA INVESTIGACIÓN O PROCESO, hace referencia al documento mediante el cual se inicia la investigación y se vincula formalmente al asegurado a la misma, según el tipo de proceso este documento puede variar (Según se trate de procesos de responsabilidad fiscal, procesos penales o procesos disciplinario), y en todo caso es indispensable para el análisis de la reclamación. SE ENTIENDE POR NOTIFICACIÓN, la personal (sentencia No. T 684/98 la Corte Suprema) por Edicto, por Estado, por Estrado o por Conducta Concluyente, para esta última no se requiere de certificación alguna de constancia del organismo de control que investiga.
A31: LIMITES
A32: POR PERSONA EN EL PROCESO | C32: 50000000
A33: POR PERSONA EN LA VIGENCIA | C33: 120000000
A34: POR EVENTO | C34: 150000000
A35: POR VIGENCIA TODOS LO EVENTOS | C35: 1300000000
A36: Cauciones judiciales hasta $30.000.000 por evento y $150.000.000 por vigencia.
A37: PROCESOS DE INDAGACIÓN O INVESTIGACIONES PRELIMINARES, Según el tipo de proceso con base en las siguientes definiciones:
A38: DEFINICIÓN PARA PROCESOS FISCALES. LEY 610 DE 2000 | B38: La investigación preliminar para este tipo de procesos es la fase de instrucción comprendida entre la iniciación de una investigación de oficio, por solicitud de las entidades vigiladas, o por denuncias o quejas presentadas por cualquier persona u organización ciudadana, hasta antes de abrirse formalmente el proceso (Artículo 39).
A39: DEFINICIÓN PARA PROCESOS DISCIPLINARIOS. Ley 1952 de 2019, articulo 208 PROCEDENCIA, OBJETIVO Y TRÁMITE DE LA INDAGACIÓN PREVIA.(CÓDIGO GENERAL DISCIPLINARIO) | B39: La indagación preliminar para este tipo de procesos es la fase de instrucción iniciada en caso de duda sobre la identificación o individualización del posible autor de una falta disciplinaria.
A40: DEFINICIÓN PARA PROCESOS PENALES | B40: Sistema Acusatorio (Ley 906 de 2004). Toda la etapa de instrucción adelantada por la Fiscalía de acuerdo con el procedimiento establecido para el sistema penal acusatorio hasta antes del auto de formulación de imputación (art. 286 y s.s.).
A41: DEFINICIÓN PARA PROCESOS ANTE OTROS ORGANISMOS | B41: Toda la etapa de investigación preliminar adelantada contra un servidor público y/o funcionario con responsabilidades similares, adelantada por un organismo oficial, antes de que exista decisión de vinculación definitiva a un proceso.
A42: SISTEMA DE COBERTURA | B42: La presente póliza opera bajo la modalidad de cobertura por reclamación o "claims made" de conformidad con la Ley 389 de 1997. La cobertura de la póliza aplica a: (i) reclamaciones o investigaciones notificadas a los funcionarios asegurado por primera vez durante la vigencia de la póliza; y/o (ii) circunstancias por las que los funcionarios asegurados tengan conocimiento por primera vez durante la vigencia de la póliza, de investigaciones iniciadas o que estarán siendo iniciadas en su contra. La cobertura se circunscribe a hechos que hayan ocurrido dentro del período de retroactividad de la póliza. Los hallazgos o circunstancias en averiguación que no individualicen ningún funcionario o cargo asegurado no se considerarán, para efectos de la póliza, como hechos conocidos que puedan dar lugar a una reclamación aplicable bajo el presente seguro sino hasta el momento que sea vinculado el funcionario(s) formalmente a alguna investigación o indagación preliminar. En consecuencia, en caso de que estos hechos se materialicen posteriormente en una reclamación, no se consideraran hechos excluidos aun cuando no hubiesen sido reportados a la aseguradora. Así mismo queda expresamente acordado y convenido que la aseguradora acepta bajo los mismos términos, las condiciones del sistema de cobertura aquí definidas y en caso de existencia de textos, cláusulas o condiciones contenidas en la propuesta o indicadas en el ejemplar de las condiciones generales de la póliza u otro documento, en contradicción con lo dispuesto en esta cláusula, se entenderán por no escritas.
A43: DEFINICIÓN DE EVENTO | B43: Se entiende por evento toda circunstancia que pueda derivar en una o varias reclamaciones o procesos, aun cuando sean adelantados por autoridades distintas, siempre que provengan de una misma causa y aun cuando estén involucrados varios funcionarios asegurados. Para efectos de determinar la cobertura bajo la póliza, de acuerdo con la Modalidad de Cobertura aquí definida, queda entendido y acordado que todas las investigaciones y procesos que surjan con posterioridad a dicha notificación efectuada por primera vez, deberán ser atendidas por la misma póliza que conoció de aquella primera reclamación debidamente notificada durante la vigencia de la póliza.
A44: PERIODO DE RETROACTIVIDAD 26 DE NOVIEMBRE DE 2023: | B44: Se cubren hechos ocurridos desde la fecha de retroactividad otorgada y notificada durante la vigencia que no hayan sido notificados por el asegurado antes del inicio de la vigencia. considerando que la cobertura opera sobre esta base.
A45: LA POLIZA | B45: Que se ofrezca puede tener cualquier nombre comercial, pero es indispensable que su clausulado se adecue a la naturaleza juridica de la entidad asegurada, como entidad estatal. De no contemplar esta caracteristica, la propuesta de esta poliza no sera admitida.
A46: JURISDICCIÓN Y LIMITACIÓN TERRITORIAL | B46: Colombia. Aplica la legislación Colombiana.
A47: AMPARO AUTOMÁTICO PARA FUNCIONARIOS PASADOS, PRESENTES Y FUTUROS: | B47: Queda expresamente acordado que bajo la presente póliza se amparan los funcionarios que desempeñan los cargos asegurados, señalados en el formulario de solicitud y los que en el futuro llegaren a ocupar los cargos amparados, los cuales se cubren en forma automática, sin que se requiera aviso de tal modificación; así mismo se amparan los funcionarios que hayan ocupado los cargos durante el periodo de retroactividad aplicable a esta póliza.
A48: HOMOLOGACIÓN DE CARGO: | B48: Se ampara automáticamente sin cobro e prima en la póliza la homologación de cargos (cambios de la denominación de los cargos) que en cualquier momento se efectué en la entidad asegurada siempre y cuando desempeñen las mismas o similares funciones a las antiguas denominaciones.si durante la vigencia de la póliza se producen eliminación de cargos asegurados, cambio de denominación en los cargos asegurados, cambios de dependencias de los cargos asegurados, o cambios de funciones en los cargos asegurados, los cargos originales mantendrán la cobertura otorgada bajo las condiciones de la póliza que estaba vigente en su momento, la entidad deberá a manera de información avisar de los cambios efectuados en los cargos de la entidad sin que esto afecte para a cobertura de la póliza dentro de los ciento veinte (120) días siguientes a que se presente la modificación, sin que esto afecte o modifique la cobertura y/o condiciones de la póliza. Queda expresamente acordado, que este seguro ampara las funciones establecidas para los cargos amparados, independiente del funcionario que las desempeñe, siempre y cuando la asignación de funciones se surta conforme el trámite de asignación de las mismas establecidas por la entidad. Amparo de responsabilidad de los funcionarios asegurados que se transmita por muerte, incapacidad, inhabilitación o insolvencia:
A49: AMPARO DE RESPONSABILIDAD DE LOS FUNCIONARIOS ASEGURADOS QUE SE TRANSMITA POR MUERTE, INCPACIDAD, INHABILITACIÓN O INSOLVENCIA. | B49: Se ampara la responsabilidad de los funcionarios asegurados que se transmita por muerte, incapacidad, inhabilitación o insolvencia.
... A72: EXCLUSIONES: | B72: Queda expresamente convenido y aceptado que la oferta de la aseguradora para el presente seguro, contempla única y exclusivamente las exclusiones, abajo estipuladas. De conformidad con lo anterior, las exclusiones abajo señaladas corresponden a las únicas aplicables en la oferta del presente seguro y la póliza que se expida; quedando expresamente señalado y acordado que la compañía acepta que las exclusiones contenidas o indicadas en el ejemplar de las condiciones generales de la póliza u otro documento que se emita en aplicación a la misma se entenderán como no escritas.
B73: A. EXCLUSIÓN DE PAGOS Y GRATIFICACIONES: se excluyen reclamaciones tendientes a obtener el pago o devolución de ninguna suma, remuneración o dadiva otorgada, pagada o entregada por los funcionarios asegurados a terceros, cuando dicho pago sea considerado indebido, improcedente o ilegal, así como cualquier tipo de ventajas, beneficios o retribuciones otorgadas a favor de los funcionarios asegurados con cargo de la entidad tomadora que sea contrario a las disposiciones legales que rigen la actividad de la entidad tomadora.
B74: B. EXCLUSIÓN DE RIESGOS NUCLEARES: No se ampara ninguna reclamación de responsabilidad por pérdida, daño, gasto o similar, ocasionado directa o indirectamente por las siguientes causas, y sin importar su relación con cualquier otra causa o evento que contribuya directamente o de cualquier otra forma a la pérdida: reacción nuclear o radiación, o contaminación radioactiva (sin importar como haya sido originada), incluyendo pero sin limitarse al incendio directo o indirectamente por una reacción nuclear o radiación, o contaminación radioactiva.
B75: C. EXCLUSIÓN DE DAÑOS MATERIALES / LESIONES PERSONALES: No se ampara ninguna reclamación de responsabilidad por daños materiales causados por los funcionarios asegurados ó la entidad a propiedades de terceros ni por lesiones personales y/o muerte causada a terceros sin importar si la misma ha sido o no causada por los funcionarios asegurados; cuyos riesgos son propios de aseguramiento bajo seguro de responsabilidad civil extracontractual.
B76: D. EXCLUSIÓN DE PÉRDIDAS PROVENIENTES DIRECTA O INDIRECTAMENTE DE LAVADO DE DINERO: Se excluye cualquier responsabilidad legal derivada directa o indirectamente de ó como resultado de ó en conexión con cualquier acto o actos (o supuesto acto o actos) de lavado de dinero o cualquier acto o actos (o supuesto acto o actos) los cuales forman parte de y/o constituyen un delito o delitos bajo cualquier legislación de lavado de dinero (o cualquier disposición y/o normas o regulaciones establecidas por cualquier cuerpo regulador o autoridad). LAVADO SIGNIFICA: a) el encubrimiento, o disfraz, o conversión, o transferencia, o traslado de la propiedad delictiva, (inclusive encubriendo o disfrazando su naturaleza, fuente, ubicación, disposición, movimiento o propiedad o cualquier derecho relacionado con ella). b) el tomar parte en o favorecer en cualquier forma relacionada con un arreglo que es conocido o sospechoso para facilitar (por cualquier medio) la adquisición, retención, uso o control de la propiedad delictiva por o en nombre de otra persona. c) la adquisición, uso o posesión de la propiedad delictiva. d) cualquier acto que constituya una tentativa, conspiración o incitación para cometer cualquier acto o actos mencionados en los literales anteriores a), b) ó c). e) cualquier acto que constituya ayudar, incitar, asesorar o facilitar la comisión de cualquier acto o actos mencionados en los literales anteriores a), b) ó c).
B77: E. EXCLUSIÓN DE RESPONSABILIDAD CIVIL PROFESIONAL: esta cobertura no se extiende para amparar ninguna reclamación que tenga su causa, sea consecuencia de, o de cualquier forma esté relacionada directa o indirectamente con la prestación de un servicio de carácter profesional, de manera independiente a sus funciones de gestión o administración.
B78: F. EXCLUSIÓN DE RECLAMOS POR EVENTOS GENERADO A CONSECUENCIA DE RIESGOS ASEGURABLES BAJO LOS SEGUROS DE DAÑOS: Queda acordado que la aseguradora no será responsable por las reclamaciones que se efectúen en contra de los funcionarios que desempeñan los cargos asegurados, como consecuencia de las pérdidas o daños que sufran los bienes asegurables de la entidad y cuyos riesgos son objeto de aseguramiento bajo seguros de daños.
B79: G. EXCLUSIÓN DE PÉRDIDAS O DAÑOS POR DEPRECIACIÓN, PÉRDIDAS DE INVIERSIONES, RESULTADOS DE FLUCTUACIONES EN LOS MERCADOS FINANCIEROS, OTORGAMIENTO DE CRÉDITOS Y RECUPERACIÓN DE CARTERA. | C79: A) basada en, surgida de, directa o indirectamente resultante de, o como consecuencia de, o de cualquier manera relacionada con, cualquier negocio, tanto real como supuesto, y de cualquier naturaleza, cuyo objetivo sea el de afectar el precio de, o negociar, las acciones y/o obligaciones de cualquier compañía, o de cualquier producto alimenticio, o materia prima, o mercadería o divisa o cualquier instrumento negociable, a menos que dicho negocio se hubiera llevado a cabo de acuerdo con las leyes, reglas y reglamentos aplicables al mismo;
C80: B) basada en, surgida de, directa o indirectamente resultante de, como consecuencia de, o de cualquier manera relacionada con, cualquier alegato de que cualquier asegurado que se hubiese beneficiado inoportunamente negociando valores bursátiles como consecuencia de información de la que no dispusieran otros vendedores y compradores de dichos valores;
C81: C) formulada por, o por cuenta de, cualquier cliente de la entidad tomadora o de los asegurados como consecuencia de la inversión en, gestión de, o consejos relacionados con, cualquier patrimonio, fundación, fidecomiso o propiedad;
C82: D) surgida única y exclusivamente de la depreciación o pérdida sufrida por cualquier inversión cuando dicha depreciación o pérdida sea el resultado de cualquier fluctuación de cualquier mercado financiero, de valores, mercaderías o cualesquiera otros mercados cuando tal fluctuación esté fuera del control o influencia de los asegurados.
C83: E) surgida única y exclusivamente del hecho de que los valores o mercaderías o inversiones no produzcan los resultados representados o esperados.
C84: F). exclusión de multas o sanciones penales o administrativas impuestas a la entidad tomadora o a los funcionarios asegurados, contribuciones.
B85: H. EXCLUSIÓN DE MULTAS O SANCIONES PENALES O ADMINISTRATIVAS IMPUESTAS A LA ENTIDAD TOMADORA O A LOS FUNCIONARIOS ASEGURADOS, CONTRIBUCIONES POLÍTICAS Y DONACIONES: Queda acordado y convenido que esta cobertura no se extiende para amparar ninguna reclamación proveniente de o que contribuya de alguna manera al reconocimiento por parte de los funcionarios asegurados de donaciones o contribuciones políticas o de cualquier otra naturaleza que no sean contempladas por la ley o los estatutos de la entidad. Queda acordado y convenido que esta cobertura no se extiende para amparar ninguna reclamación proveniente de o que contribuya de alguna manera al reconocimiento por parte de los funcionarios asegurados de donaciones o contribuciones políticas o de cualquier otra naturaleza que no sean contempladas por la ley o los estatutos de la entidad.
B86: I. EXCLUSIÓN DE AVALES O GARANTÍAS PERSONALES OTORGADAS POR LOS FUNCIONARIOS ASEGURADOS: Sujeto a los demás términos y condiciones de esta póliza, queda acordado y convenido que esta cobertura no se extiende para amparar ninguna reclamación efectuada en contra de los funcionarios asegurados como consecuencia de avales o garantías ofrecidas a titulo personal y que no correspondan a las actuaciones propias de su cargo.
B87: J. EXCLUSIÓN DE DAÑOS O PERDIDAS NO RELACIONADAS CON EL DESEMPEÑO DE SUS FUNCIONES:No se ampara los daños o perdidas ocasionadas por incurrir el funcionario asegurado en faltas, errores u omisiones no directamente relacionadas con el desempeño de las funciones propias de su cargo, bien sea que las mismas constituyan o no faltas disciplinarias. adicionalmente se excluyen las reclamaciones generadas por o resultantes del incumplimiento de cualquier obligación de carácter contractual adquirida por los funcionarios asegurados, distintas de las inherentes a las responsabilidades de administración, adquiridas en su carácter de servidor público.
B88: K. EXCLUSIÓN DE ASBESTO: Se excluyen los daños causados por asbesto en estado natural o por sus productos, así como los daños resultantes de operaciones y actividades que impliquen exposición a fibras de amianto, además, daños originados directa o indirectamente por contaminación, filtración o polución de cualquier clase del medio ambiente, por otras alteraciones perjudiciales del agua, aire, suelo, subsuelo o por ruido.
B89: L. EXCLUSIÓN DE GUERRA: Se excluye la pérdida o daño causados por guerra, invasión, actos de enemigo extranjero, hostilidades u operaciones bélicas (exista o no declaración de guerra), guerra civil insurrección, rebelión, revolución, huelga, insurrección, conmoción civil, golpe de estado civil o militar, ley marcial asonada o confiscación o destrucción por cualquier acto de autoridad gubernamental o pública legítimamente constituida.
B90: M. EXCLUSIÓN RELATIVA A PENSIONES: Se excluyen las reclamaciones relativas a pensiones, participación en beneficios o programas de beneficios, establecidos en todo o parte a favor de los servidores públicos asegurados de la entidad, así como lo relacionado con prestaciones sociales
B91: N. EXCLUSIÓN DE ACOSO SEXUAL: Queda acordado que la aseguradora no será responsable por reclamaciones que se efectúen en contra de los funcionarios asegurados por acoso sexual independientemente del lugar o circunstancias donde se ejerce, ya sea en lugares públicos y de trabajo. por acoso sexual se entiende: cualquier tipo de acercamiento o presión de naturaleza sexual tanto física como verbal, no deseada por quien la sufre, que surge de la relación laboral, comercial o de cualquier otra índoles y que da como resultado un ambiente de trabajo hostil, un impedimento para hacer las tareas y/o un condicionamiento de las oportunidades de ocupación de la persona perseguida
B92: O. EXCLUSIÓN DE ERRORES EN LA EVALUACIÓN DE RIESGOS Y MANTENIMIENTO DE SEGUROS: Queda acordado que la aseguradora no seráresponsable por las reclamaciones que se efectúen en contra de los funcionarios asegurados, como consecuencia de las pérdidas que sufra la entidad como consecuencia de fallas en la estimación de los riesgos a que está expuesta la entidad tomadora o por coberturas insuficientes que se descubran al momento de presentarse siniestros no amparados bajo las pólizas de seguro contratadas por la entidad.
B93: P. EXCLUSIÓN DE DEMANDAS DE TIPO LABORAL: Queda acordado que la aseguradora no será responsable por las investigaciones en contra de los funcionarios asegurados como consecuencia de decisiones de gestión relacionadas con asuntos de carácter laboral que se inicien durante la vigencia de la póliza contra cualquier funcionario asegurado ni las que tengan por objeto el reconocimiento de salarios, prestaciones, indemnizaciones o demás retribuciones o compensaciones de carácter económico emanadas de un contrato de trabajo. No obstante los términos de la exclusion antes indicada, queda expresamente acordado y expresado que esta póliza ampara los costos y gastos de defensa, según las condiciones establecidas en la normatividad legal señalada en el objeto del seguro, por cualquiera de los eventos DE DEMANDAS DE TIPO LABORAL
B94: Q. EXCLUSIÓN DE TERRORISMO: 1) guerra civil o internacional sean estas declaradas o no, invasión, actos de enemigos extranjeros, hostilidades u operaciones bélicas o similares (sin perjuicio de que la guerra haya sido o no declarada), huelga, paros patronales, actos malintencionados de terceros, rebelión, revolución, insurrección, o conmoción civil alcanzando la proporción de, o llegando a constituirse en un levantamiento, poder militar o usurpado. 2) cualquier acto de terrorismo incluyendo, pero no limitado al uso de fuerza o violencia y/o la amenaza de la misma, dirigidos a, o que causen daño, lesión, estrago, interrupción o comisión de un acto peligroso para la vida humana o propiedad, realizado en contra de cualquier persona, propiedad o gobierno, con objetivo establecido o no establecido, de perseguir intereses económicos, étnicos, nacionalistas, políticos, raciales o intereses religiosos, así tales intereses sean declarados o no.
B95: R. EXCLUSIÓN DE DAÑO MORAL, PERJUICIOS A LA REPUTACIÓN, TALES COMO: Injuria, calumnia, violación de intimidad, propiedad intelectual, desequilibrio emocional
B96: S. CLÁUSULA DE EXCLUSIÓN DE PÉRDIDAS Y DATOS CIBERNÉTICOS 1. No obstante, cualquier disposición contraria en esta póliza o cualquier suplemento a la misma, se excluye cualquier: 1.1 Pérdida cibernética. 1.2 Pérdida, daño, responsabilidad, reclamación, coste, gasto de cualquier naturaleza causado directa o indirectamente por, contribuido por, resultante de, que surja o esté relacionado con cualquier pérdida de uso, reducción de la funcionalidad, reparación, reemplazo, restauración o reproducción de cualesquiera datos, incluyendo cualquier cantidad relacionada con el valor de dichos datos, independientemente de cualquier otra causa o evento que contribuya simultáneamente o en cualquier otra secuencia. 2. En el caso que cualquier parte de esta cláusula fuera considerada inválida o inaplicable, el resto permanecerá en pleno vigor y efecto. 3. Esta cláusula reemplaza y, si entra en conflicto con cualquier otra disposición de la póliza o cualquier suplemento que tenga relación con la pérdida cibernética o los datos, reemplaza esa disposición. DEFINICIONES A. PÉRDIDA CIBERNÉTICA: Cualquier pérdida, daño, responsabilidad, reclamación, coste o gasto de cualquier naturaleza que directa o indirectamente sea causado o aportado por, resulte o surja de, o esté en conexión con un acto cibernético o un incidente cibernético incluyendo, pero sin limitarse a cualquier acción tomada con el fin de controlar, prevenir, suprimir o remediar cualquier acto cibernético o incidente cibernético. B. ACTO CIBERNÉTICO: Acto o serie de actos no autorizados, malintencionados o delictivos, sin consideración del tiempo y espacio, o la amenaza o engaño relacionados con el acceso, procesamiento, uso u operación de cualquier sistema informático. C. INCIDENTE CIBERNÉTICO: Todo error u omisión o serie de errores u omisiones relacionados con el acceso, procesamiento, uso u operación de cualquier sistema informático; o Cualquier indisponibilidad o fallo parcial o total o serie de indisponibilidades o fallos parciales o totales para acceder, procesar, usar u operar cualquier sistema informático. D. SISTEMA INFORMÁTICO: Cualquier ordenador, hardware, software, sistema de comunicación, equipo electrónico (incluyendo pero sin limitarse a teléfonos inteligentes, laptops, tablets, dispositivos portátiles), servidor, nube o microcontrolador incluyendo cualquier sistema similar o configuración de lo antes mencionado e incluyendo asimismo toda entrada y salida, dispositivo de almacenamiento de datos, equipo de redes o instalaciones de copias de respaldo, de propiedad u operadas por el asegurado o cualquier otra parte. E. DATOS: Información, hechos, conceptos, código o cualquier otra información de cualquier naturaleza registrada y transmitida en cualquier forma para ser usada, accedida, procesada, transmitida o almacenada por un sistema informático.
A97: CLAUSULAS PARTICULARES OPCIONALES REQUERIDAS | D97: S / N / D
A98: RESTABLECIMIENTO AUTOMÁTICO DE VALOR ASEGURADO POR PAGO DE SINIESTRO : En caso de siniestro el límite asegurado se rebajará en la suma indemnizada a partir de la fecha en que se efectúe el pago y se restablecerá automáticamente a su límite inicial y el Asegurado pagará la prima adicional correspondiente a prorrata. Está cláusula tiene aplicación en cualquier época, aún en aquellos casos en que la indemnización se efectúe posteriormente a la terminación de la vigencia afectada por la reclamación.
A99: SILENCIO ADMINISTRATIVO POSITIVO: Por la presente cláusula queda establecido y convenido que la Aseguradora se compromete a indemnizar los perjuicios causados a terceros, a los socios y a la empresa de servicios públicos, provenientes de la responsabilidad civil de los administradores originada en cualquier reclamación iniciada por primera vez contra los asegurados durante la vigencia de la póliza, por la declaratoria del silencio administrativo positivo en contra de la empresa de servicios públicos, derivada de todo acto culposo o culpa grave real o presunta cometida por los administradores, de acuerdo con la resolución 365 del 4 de Julio de 1995, expedida por la Superintendencia de Servicios Públicos y demás disposiciones legales que la modifiquen o complementen.
A100: ACCIÓN SOCIAL DE RESPONSABILIDAD CIVIL: Queda establecido y convenido por la presente cláusula que la aseguradora indemnizará a la Industria de Licores del Valle cuando se produzca una condena contra el ó los administradores como consecuencia de la acción instaurada con base en el artículo 25 de la Ley 222 de 1995.
A101: SOCIEDAD TOMADORA: Por la presente cláusula queda establecido y convenido que la presente póliza ampara la totalidad de los gastos procesales y de defensa en los casos en los que la reclamación se haga también contra EL ASEGURADO sin exceder del límite asegurado pactado en la póliza.
A102: GASTOS DE DEFENSA EN PROCESOS PENALES Y ADMINISTRATIVOS: Ampara los costos procesales y gastos de defensa en que incurra el Asegurado como consecuencia de procesos penales y de investigaciones adelantadas por organismos oficiales, así como los que surjan de la defensa de las sanciones impuestas por dichos organismos, Los costos y gastos derivados de los procesos penales se deben pagar sin condicionamiento alguno referente a la inocencia del asegurado y la cobertura no se limita hasta el fallo de primera instancia.
A103: GASTOS POR ACCIONES SINDICALES: Se conviene entre las partes y no obstante lo establecido en las condiciones generales de la Póliza y sus anexos, que la Aseguradora cubrirá los gastos que se generen por los honorarios de mediadores que traten de apaciguar la huelga o conflictos con los empleados del ASEGURADO, generado a causa de una acción del Directivo.
A104: RECLAMACIÓN DIRECTA: Indemnización si fallo de Responsabilidad Fiscal. Se debe presentar acta de inicio de la investigación e instaurar denuncia penal en contra del empleado.
A105: LOS COSTOS Y GASTOS DERIVADOS DE LOS PROCESOS PENALES SE PAGAN SIN CONDICIONAMIENTO ALGUNO REFERENTE A LA INOCENCIA DEL ASEGURADO Y LA COBERTURA NO SE LIMITA HASTA EL FALLO EN PRIMERA INSTANCIA,
A106: ARREGLOS TRANSACIONALES EN RECLAMACIONES POR RESPONSABILIDAD CIVIL: No obstante las condiciones del deducible de la polIza, por la presente clausula se conviene entre las partes, que en caso de transacion directa o conciliacion, ya sea judicial o extrajudicial con los terceros afectados, que mejore en cualquier circunstancia el monto de la pretension inicial, el valor que se convenga se debe distribuir proporcionalmente entre la compania ASEGURADORA y el ASEGURADO, tomando como base el porcentaje qiue representa el deducible de la poliza del valor inicial de las pretensiones y este mismo porcentaje se aplicara al monto a pagar para obtener la parte que le corresponda EL ASEGURADO.
A107: RECLAMACIONES: Este seguro se extiende a cubrir el reembolso de cualquier suma que se vea precisado a pagar el asegurado como consecuencia de los actos y omisiones a que se refiere este contrato , en el evento de que la victima, dejando de lado la eventual responsabilidad civil extracontractual que ello podria generar, opte por reclamar o iniciar en contra del asegurado una responsabiliad de tipo contractual.
A108: BONO DEL 10% EN CASO DE NO RECLAMACION.
A109: DENTRO DE LA DEFINICION DE SOCIEDAD SE AMPARAN LAS SUBORDINADAS ADQUIRIDAS, FUSIONADAS, ESCINDIDAS O CREADAS CON POSTERIORIDAD A LA ENTRADA EN VIGENCIA DE LA POLIZA,
... A119: NOMBRE Y FIRMA REPRESENTANTE LEGAL

Sheet TRANSPORTE DE VALORES
A7: ANEXO Nº 7 ( ESPECIFICACIONES TECNICAS SEGURO DE TRANSPORTE DE VALORES )
A8: TOMADOR: | B8: FONDO DE BIENESTAR SOCIAL DE LA CONTRALORIA GENERAL DE LA REPUBLICA
A9: ASEGURADO : | B9: =+B8 -> FONDO DE BIENESTAR SOCIAL DE LA CONTRALORIA GENERAL DE LA REPUBLICA
A10: BENEFICIARIO: | B10: =+B9 -> FONDO DE BIENESTAR SOCIAL DE LA CONTRALORIA GENERAL DE LA REPUBLICA
A11: NIT | B11: 800.252.683-3
A12: RAMO | B12: TRANSPORTE DE VALORES
A13: INTERMEDIARIO | B13: GONSEGUROS CORREDORES DE SEGUROS S.A.
A14: VIGENCIA | B14: DESDE LAS 00:00 HORAS DEL 17 DE AGOSTO DE 2026 HASTA LAS 24:00 HORAS DEL 16 DE AGOSTO DE 2027
A15: CONDICIONES TECNICAS BASICAS OBLIGATORIAS
A16: DESCRIPCION DE LA ACTIVIDAD DEL ASEGURADO | B16: Entidad Pública
A17: DIRECCION COMERCIAL /TELEFONO | B17: Carrera 69 No. 44-35 Piso 4 PBX. 3779877 - 3532760 Bogotá, Colombia
A18: DIRECCION DEL RIESGO | B18: Territorio Colombiano
A19: INTERES ASEGURADO | B19: Se cubren las movilizaciones de dinero en efectivo,cheques, comprobantes de tarjeta y titulos desde las oficinas del asegurado hasta los distintos bancos y entidades financieras y/o viceversa movilizados por funcionarios de la Entidad
A20: TRAYECTOS ASEGURADOS | B20: Movilizaciones entre dependencias del asegurado y/o hasta, bancos o corporaciones, casas de cambio o entidades con las cuales que tengan interés con las transacciones de la Entidad asegurada y viceversa.
B21: Se cubren las movilizaciones en vehiculos de propiedad del asegurado o de sus empleados, asi como de vehiculos de transporte de empresas no establecidas legalmente.
B22: La poliza cubre sin limitaciones en el horario de despacho
B23: La poliza cubre los trayectos multiples
A24: LIMITE MAXIMO POR DESPACHO | B24: 92000000
A25: PRESUPUESTO ANUAL DE MOVILIZACION | B25: 1000000000
A26: AMPAROS | B26: Cobertura tradicional de valores
A27: COBERTURAS | B27: Pérdida total o daño material
B28: Hurto y hurto calificado
B29: Huelga
B30: Permanencia en lugares iniciales, intermedios o finales dentro y fuera de la caja
B31: HMACCP / AMIT - Terrorismo
B32: Trayectos Múltiples
A33: CLAUSULAS Y SUBLIMITES Queda expresamente acordado y convenido que la aseguradora acepta las condiciones tecnicas básicas obligatorias establecidas en este anexo, en los termimos aqui señalados; por lo tanto, en caso de exisitir discrepancia entre este texto frente a los ejemplares de las condiciones generales de la poliza o en los certificados, anexos, nota de cobertura, slip de cotizacion o cualquier otro documento incluido o no en la oferta, prevaleceran los terminos de este anexo de condiciones tecnicas básicas obligatorias. Por lo tanto se deberá entender que la aseguradora acepta las siguientes cláusulas.
A34: CONVENIO PARA EL PLAZO DEL PAGO DE LA PRIMA | B34: No obstante cualquier estipulación en contrario, por la presente cláusula se deja establecido que, de acuerdo con lo estipulado en el artículo 81 de la Ley 45/90 y la Resolución numero 03750 de Diciembre 31/74 de la Superintendencia Financiera, las partes contratantes convienen que las primas causadas por el presente Contrato de seguros y los Certificados o Anexos que se emitan en aplicación al mismo serán pagadas por el asegurado dentro de los noventa (90) días a partir de la fecha en que el respectivo documento sea recibido en sus oficinas, directamente por la Aseguradora y/o por el intermediario de seguros, quien deberá certificar haber recibido a satisfacción las respectivas pólizas en las condiciones contratadas; Si las pólizas no han sido correctamente elaboradas, el término para el pago solo empezará a contarse desde la fecha en que se presenten en debida forma. La demora en el pago originada por la presentación incorrecta de los documentos requeridos será responsabilidad del contratista y no tendrán por ello derecho al pago de intereses o compensación de ninguna naturaleza o a la aplicación de la terminación del contrato por mora en el pago de la prima.
A35: REVOCACIÓN, NO RENOVACIÓN O MODIFICACIONES DE LA PÓLIZA Y SUS ANEXOS | B35: La Aseguradora deberá dar aviso por escrito al ASEGURADO, con una anticipación de noventa (90) días en caso que decida modificar, revocar o no renovar esta póliza y/o alguno de sus amparos adicionales o modificar cualquiera de sus condiciones. En caso de revocación la aseguradora devolverá al asegurado, la proporción de prima correspondiente al tiempo que falte para el vencimiento de la Póliza, liquidada a prorrata. Para HMACC AMIT TERRORISMO Aplican 10 días. Si la revocación es solicitada por EL ASEGURADO , la Aseguradora devolverá el valor de la prima no corrida del riesgo, liquidada a Prorrata
A36: MODIFICACIONES A FAVOR DEL ASEGURADO | B36: Si durante la vigencia de este seguro se presentan modificaciones a las condiciones generales y particulares de la póliza, que presenten un beneficio a favor del ASEGURADO, tales modificaciones se consideran automáticamente incorporadas a la póliza siempre que el cambio no implique un aumento en la prima originalmente pactada.
A37: CLAUSULA DE APLICACION DE CONDICIONES PARTICULARES | B37: Queda expresamente acordado y convenido, que la Compañía acepta las condiciones ásicas tecnicas establecidas en este anexo en los terminos señalados en el mismo, por lo tanto, en caso de existir discrepancia ente los ofrecimientos contenidos en la propuesta tecnica básica, frente a los textos de los ejemplares de las pólizas, certificados, anexos o cualquier otro documento; prevalecerá la información y condiciones básicas tecnicas establecidas.
A38: PRORROGAS | B38: Queda expresamente declarado y convenido que la (s) aseguradora (s) queda (n) obligadas (s) a otorgar la (s) prorroga (s) que el Asegurado, solicite en caso de que se requiera tiempo adicional para surtir los trámites internos de un nuevo proceso, en las mismas condiciones en que se encuentran suscritas las pólizas como tambien las modificaciones que se requieran en el transcurso de la vigencia sin condicionamiento alguno, incluido el intermediario.
A39: REVISION DE TERMINOS PARA PRORROGA | B39: Bajo esta clusula la compañía podrá realizar revisión de términos para las prórrogas cuando la siniestralidad incurrida sobrepase el 60%. (Siniestralidad incurrida =siniestros pagos + reservas + 10% IBRN/primas netas).
A40: AVISO DE SINIESTRO | B40: No obstante lo dispuesto en las condiciones la Póliza o en sus anexos, por la presente cláusula se conviene entre las partes, un término sesenta (60) días habiles para que el Asegurado de aviso al Asegurador de cualquier evento que afecte a la presente Póliza, contados a partir de la fecha en que haya tenido conocimiento de dicho evento, sin perjuicio de lo establecido en el artículo 1081 del Código de Comercio.
A41: GARANTIAS | B41: Queda expresamente acordado y aceptado que la cobertura otorgada bajo la presente póliza no queda sujeta al cumplimiento de ningún tipo de garantía por parte de la entidad asegurada.
A42: ERRORES, OMISIONES O INEXACTITUDES NO INTENCIONALES | B42: El tomador está obligado a declarar sinceramente los hechos y circunstancias que determinen el estado del riesgo. La inexactitud sobre hechos o circunstancias que, conocidas por la compañía, la hubieren retraído de celebrar el contrato o inducido a estipular condiciones más onerosas, produce la nulidad relativa del seguro. Sin embargo, si se incurriere en errores, omisiones e inexactitudes inculpables al tomador o al asegurado, el contrato no será nulo ni habrá lugar a la aplicación del inciso tercero del artículo 1058 del Código de Comercio sobre reducción porcentual de la prestación asegurada. En este caso se deberá pagar la prima adecuada al verdadero estado del riesgo.
A43: CLAUSULA DE JURISDICCION Y SOLUCION DE CONTROVERSIAS | B43: Se deja constancia que en caso de existir alguna controversia, ésta se dirimirá de acuerdo con lo establecido en la Ley y los diferentes mecanismos de solucion de conflictos
A44: DOMICILIO | B44: Sin perjuicios de las disposiciones procesales para los efectos relacionados con el presente contrato, se fija como domicilio de las partes la ciudad de BOGOTA D.C., en la República de Colombia.
A45: RESTABLECIMIENTO AUTOMATICO DEL VALOR ASEGURADO POR PAGO DE SINIESTRO, NO APLICA PARA HAMCCOP, AMIT Y TERRORISMO | B45: Queda entendido y convenido en adición a los términos y condiciones contenidas en la Póliza o en sus anexos que el valor asegurado se reducirá en igual cantidad del monto del siniestro y que la Aseguradora acepta el restablecimiento automático del mismo, mediante el pago de la prima a que haya lugar.
... A64: EXCLUSIONES | B64: Queda expresamente acordado y convenido que cualquier exclusion que conlleve a dejar sin efecto algun amparo o cobertura, clausula o condicion otorgada po la aseguradora se tendra por no escrita
A65: DEDUCIBLES OBLIGATORIOS SIN APLICACIÓN DE DEDUCIBLE
A71: NOMBRE Y FIRMA REPRESENTANTE LEGAL

Sheet SOAT
A8: ANEXO Nº 8 (ESPECIFICACIONES TECNICAS SEGURO OBLIGATORIO EN ACCIDENTES DE TRANSITO.
A9: TOMADOR: | B9: ='TRANSPORTE DE VALORES'!B8 -> FONDO DE BIENESTAR SOCIAL DE LA CONTRALORIA GENERAL DE LA REPUBLICA
A10: ASEGURADO : | B10: =B9 -> FONDO DE BIENESTAR SOCIAL DE LA CONTRALORIA GENERAL DE LA REPUBLICA
A11: BENEFICIARIO: | B11: =B10 -> FONDO DE BIENESTAR SOCIAL DE LA CONTRALORIA GENERAL DE LA REPUBLICA
A12: NIT: | B12: ='TRANSPORTE DE VALORES'!B11 -> 800.252.683-3
A13: RAMO | B13: SOAT
A14: INTERMEDIARIO | B14: ='TRANSPORTE DE VALORES'!B13 -> GONSEGUROS CORREDORES DE SEGUROS S.A.
A15: VIGENCIA: | B15: 365 DIAS A PARTIR DEL VENCIMIENTO
A17: COBERTURAS OBLIGATORIAS
A18: UBICACION DEL RIESGO | B18: BIENES ASEGURADOS | C18: AMPAROS | H18: VR. ASEGURADO | I18: TASAS | J18: PRIMA ANUAL
A19: REPUBLICA DE COLOMBIA | B19: Se cubren todos los vehículos de Fondo De Bienestar de la Contraloria General de la República | C19: -Gastos Médicos Quirurgicos Farmaceuticos y Hospitalarios | H19: Límites de Ley | I19: varias
C20: - Indemnización por Muerte
C21: - Gastos Funerarios
C22: - Incapacidad Total y Permanente
C23: - Gastos de Transporte de la Victima
A26: ÍTEM | B26: MARCA | C26: CLASE | D26: MODELO | E26: PLACA | F26: CC | G26: MOTOR | H26: CHASIS | I26: VENCIMIENTO | J26: VALOR PROYECTADO
A27: 18 | B27: NISSAN | C27: KICKS | D27: 2024 | E27: LIT042 | F27: 1600 | G27: HR-16785129V | H27: 3NOCP5HESZL626511 | I27: 46319 | J27: 1260600
A32: NOMBRE Y FIRMA REPRESENTANTE LEGAL
